Workbook
Name JR_PAGE_ANCHOR_3_1: #REF!
Name JR_PAGE_ANCHOR_3_1: #REF!
Name JR_PAGE_ANCHOR_3_1: #REF!

Sheet RESUMO DSONERADO
A1: PLANILHA DE RESUMO DE OBRAS DESONERADO
A2: CONVÊNIO
A3: PROPONENTE | C3: PREFEITURA MUNICIPAL DE PRIMAVERA
A4: OBJETO | C4: SERVIÇOS DE REVESTIMENTO PRIMÁRIO NAS VICINAIS
A5: ENDEREÇO OBRA | C5: VICINAIS DO MUNICÍPIO DE PRIMAVERA
A6: MUNICÍPIO | C6: PRIMAVERA - PA
A7: BDI | C7: =BDI!I24 -> 0.2467
A8: BASES | C8: SINAPI - 04/2025 - Pa / SICRO3 - 01/2025 - Pa SICRO2 - 11/2016 - Pa / SEDOP - 02/2025 - Pa - Com Leis Sociais
A11: ITEM | B11: META | E11: VALOR (R$) | F11: %
A12: ='PLANILHA DESONERA RESUMO'!A10 -> 1 | B12: ='PLANILHA DESONERA RESUMO'!D10 -> SERVIÇOS INICIAIS | E12: ='PLANILHA DESONERA RESUMO'!I10 -> 54480.11 | F12: =E12/$E$17 -> 0.011316837 | H12: =#REF! -> #REF!
A13: 2 | B13: ='PLANILHA DESONERA RESUMO'!D14 -> ADMINISTRAÇÃO | E13: ='PLANILHA DESONERA RESUMO'!I14 -> 139567.2 | F13: =E13/$E$17 -> 0.028991485
A14: 3 | B14: ='PLANILHA DESONERA RESUMO'!D17 -> MOBILIZAÇÃO E DESMOBILIZAÇÃO | C14: =#REF! -> #REF! | D14: =#REF! -> #REF! | E14: ='PLANILHA DESONERA RESUMO'!I17 -> 9862.2 | F14: =E14/$E$17 -> 0.0020486176
A15: 4 | B15: ='PLANILHA DESONERA RESUMO'!D19 -> REVESTIMENTO PRIMÁRIO DAS VICINAIS - EXT.: 17,01 Km | C15: =#REF! -> #REF! | D15: =#REF! -> #REF! | E15: ='PLANILHA DESONERA RESUMO'!I19 -> 4270286.3 | F15: =E15/$E$17 -> 0.8870418
A16: 5 | B16: ='PLANILHA DESONERA RESUMO'!D91 -> DRENAGEM SUPERFICIAL E PROFUNDA | E16: ='PLANILHA DESONERA RESUMO'!I91 -> 339879.79 | F16: =E16/$E$17 -> 0.070601257
A17: CUSTO TOTAL DA OBRA | E17: =ROUND(SUM(E12:E16),2) -> 4814075.6 | F17: =ROUND(SUM(F12:F16),2) -> 1 | I17: =E17/#REF! -> #REF!
D23: MAYCON LEONAN DA SILVA MATOS ENGENHEIRO CIVIL CREA/PA: 1518018386PA

Sheet MEMÓRIA DE CÁLCULO
A1: MEMÓRIA DE CÁLCULO
A2: CONVÊNIO | F2: MUNICÍPIO/UF | H2: PRIMAVERA
A3: PROPONENTE | C3: PREFEITURA MUNICIPAL DE PRIMAVERA | F3: BDI | H3: ='PLANILHA DESONERA RESUMO'!H3 -> 0.2467
A4: OBJETO | C4: SERVIÇOS DE REVESTIMENTO PRIMÁRIO NAS VICINAIS | F4: BASE DE DADOS | H4: SINAPI - 04/2025 - Pa / SICRO3 - 01/2025 - Pa SICRO2 - 11/2016 - Pa / SEDOP - 02/2025 - Pa - Com Leis Sociais
A5: ENDEREÇO OBRA | C5: VICINAIS DO MUNICÍPIO DE PRIMAVERA
M6: =SUM(F29,#REF!,#REF!,#REF!,#REF!,#REF!,#REF!,#REF!,#REF!,#REF!,#REF!,#REF!,#REF!,#REF!,#REF!,#REF!,#REF!,#REF!,#REF!,#REF!,#REF!,#REF!,#REF!,#REF!,#REF!) -> #REF!
A8: FONTE | B8: CÓDIGO | C8: ITEM | D8: DESCRIÇÃO DOS SERVIÇOS | E8: UNIDADE | F8: COMPRIMENTO (M) | G8: LARGURA (M) | H8: QUNT (UNID) | I8: DISTÂNCIA (Km) | J8: ESPESSURA (M) | K8: TOTAL | L8: OBSERVAÇÃO
C9: 1 | D9: ADMINISTRAÇÃO LOCAL
A10: SINAPI | B10: 90778 | C10: 1.1 | D10: ENGENHEIRO CIVIL DE OBRA PLENO COM ENCARGOS COMPLEMENTARES | E10: H | F10: Carga horária de 6h por dia x 5 dias por semana x 4 semanas no mês x 12 meses | K10: =(6*5*4)*6 -> 720
A11: SINAPI | B11: 90776 | C11: 1.2 | D11: ENCARREGADO GERAL COM ENCARGOS COMPLEMENTARES | E11: H | F11: Carga horária de 8h por dia x 5 dias por semana x 4 semanas no mês x 12 meses | K11: =(8*5*4)*6 -> 960
A12: Subtotal item 1
C13: 2 | D13: SERVIÇOS PRELIMINARES | L13: =#REF!/#REF! -> #REF!
A14: SEDOP | B14: 11340 | C14: 2.1 | D14: PLACA DE OBRA EM LONA, COM PLOTAGEM GRÁFICA. | E14: M2 | F14: 3 | G14: 2 | H14: 2 | K14: =F14*G14*H14 -> 12
A15: SINAPI | B15: 93207 | C15: 2.2 | D15: EXECUÇÃO DE ESCRITÓRIO EM CANTEIRO DE OBRA EM CHAPA DE MADEIRA COMPENSADA, NÃO INCLUSO MOBILIÁRIO E EQUIPAMENTOS. AF_02/2016 | E15: M2 | K15: =I15/H15 -> #DIV/0!
A16: Subtotal item 2
C17: 3 | D17: MOBILIZAÇÃO E DESMOBILIZAÇÃO
A18: ='3A.MOB NÃO DESONERADA'!A8:O8 -> COMPOSIÇÃO 01 | C18: 3.1 | D18: MOBILIZAÇÃO DE EQUIPAMENTOS | E18: UN | H18: 1
A19: =A18 -> COMPOSIÇÃO 01 | C19: 3.2 | D19: DESMOBILIZAÇÃO DE EQUIPAMENTOS | E19: UN | H19: 1
A20: Subtotal item 3
C21: 4 | D21: RECUPERAÇÃO DE VICINAIS - EXT: 17,01 Km
C22: 4.1 | D22: SERVIÇOS TOPOGRÁFICOS
A23: SINAPI | B23: 99064 | C23: 4.1.1 | D23: LOCAÇÃO DE PAVIMENTAÇÃO | E23: M | F23: 17010 | G23: 9 | K23: =F23*G23 -> 153090
A24: Subtotal item 4.1
A26: VICINAL DO JABAROCA - EXT.: 3,32 KM
C28: 4.2 | D28: LIMPEZA
A29: SINAPI | B29: 98525 | C29: 4.2.1 | D29: LIMPEZA MECANIZADA DE CAMADA VEGETAL, VEGETAÇÃO E PEQUENAS ÁRVORES (DIÂMETRO DE TRONCO MENOR QUE 0,20 M), COM TRATOR DE ESTEIRAS.AF_05/2018 - LIMPEZA DE CAMADA VEGETAL - 1,50 M PARA CADA LADO DA VIA | E29: M² | F29: 3320 | G29: 3 | K29: =F29*G29 -> 9960 | L29: FOI CONSIDERADO 1,5m DE LIMPEZA PARA CADA LADO DA VIA
A30: SINAPI | B30: 100974 | C30: 4.2.2 | D30: CARGA, MANOBRA E DESCARGA DE SOLOS E MATERIAIS GRANULARES EM CAMINHÃO BASCULANTE 10 M³ - CARGA COM PÁ CARREGADEIRA (CAÇAMBA DE 1,7 A 2,8 M³ / 128 HP) E DESCARGA LIVRE (UNIDADE: M3). AF_07/2020 - BOTA FORA DE MATERIAL INSERVÍVEL | E30: M³ | F30: =F29 -> 3320 | G30: =G29 -> 3 | I30: =I32 -> 3 | J30: 0.2 | K30: =F30*G30*J30 -> 1992
H31: EMPOLAMENTO (25%)
A32: SINAPI | B32: 93591 | C32: 4.2.3 | D32: TRANSPORTE COM CAMINHÃO BASCULANTE DE 14 M³, EM VIA URBANA EM LEITO NATURAL (UNIDADE: M3XKM). AF_07/2020(Transporte de Material de BOTA FORA) | E32: M³ x Km | F32: =F30 -> 3320 | G32: =G30 -> 3 | H32: 1.25 | I32: 3 | J32: 0.2 | K32: =F32*G32*J32*I32*H32 -> 7470
A33: SINAPI | B33: 100577 | C33: 4.2.4 | D33: REGULARIZAÇÃO E COMPACTAÇÃO DE SUBLEITO DE SOLO PREDOMINANTEMENTE ARENOSO. AF_11/2019 | E33: M² | F33: =F32 -> 3320 | G33: 8 | K33: =F33*G33 -> 26560
A34: Subtotal item 4.2
C35: 4.3 | D35: RECUPERAÇÃO DA VIA - TERRAPLENAGEM
C36: SUB BASE
A37: SINAPI | B37: 101126 | C37: 4.3.1 | D37: ESCAVAÇÃO HORIZONTAL, INCLUINDO CARGA E DESCARGA EM SOLO DE 1A CATEGORIA COM TRATOR DE ESTEIRAS (170HP/LÂMINA: 5,20M3). AF_07/2020 - CORTE DE MATERIAL | E37: M³ | F37: VOLUME RETIRADO DA TOPOGRAFIA | K37: =440.92 -> 440.92
H38: EMPOLAMENTO (25%)
A39: SINAPI | B39: =B32 -> 93591 | C39: 4.2.3 | D39: TRANSPORTE COM CAMINHÃO BASCULANTE DE 14 M³, EM VIA URBANA EM LEITO NATURAL (UNIDADE: M3XKM). AF_07/2020(Transporte de Material de BOTA FORA) | E39: M³ x Km | H39: 1.25 | I39: =I32 -> 3 | K39: =K37*H39*I39 -> 1653.45
A40: SINAPI | B40: 96385 | C40: 4.2.4 | D40: REGULARIZAÇÃO E COMPACTAÇÃO DE SUBLEITO DE SOLO PREDOMINANTEMENTE ARENOSO. AF_11/2019 | E40: M² | F40: =F33 -> 3320 | G40: 8 | K40: =F40*G40 -> 26560
C41: SUB LEITO
C42: 4.3.1 | D42: ESCAVAÇÃO HORIZONTAL, INCLUINDO CARGA E DESCARGA EM SOLO DE 1A CATEGORIA COM TRATOR DE ESTEIRAS (100HP/LÂMINA: 2,19M3). AF_07/2020 - MATERIAL COMPLEMENTAR P/ RGULARIZAÇÃO DO SUB LEITO | E42: M³ | G42: 9 | J42: =J40 -> 0 | K42: =(F42*G42*J42)*0.7 -> 0 | L42: FOI CONSIDERADO UMA MÉDIA DE 70% DOVOLUME TOTAL PARA REGULARIZAÇÃO DO SUB LEITO
C43: 4.3.2 | D43: CARGA, MANOBRA E DESCARGA DE SOLOS E MATERIAIS GRANULARES EM CAMINHÃO BASCULANTE 14 M³ - CARGA COM PÁ CARREGADEIRA (CAÇAMBA DE 1,7 A 2,8 M³ / 128 HP) E DESCARGA LIVRE (UNIDADE: M3). AF_07/2020 - JAZIDA PARA O SUB LEITO | E43: M³ | G43: 9 | J43: =J40 -> 0 | K43: =(F43*G43*J43)*0.7 -> 0 | L43: FOI CONSIDERADO UMA MÉDIA DE 70% DOVOLUME TOTAL PARA REGULARIZAÇÃO DO SUB LEITO
H44: EMPOLAMENTO (25%)
C45: 4.3.3 | D45: TRANSPORTE COM CAMINHÃO BASCULANTE DE 14 M³, EM VIA URBANA EM LEITO NATURAL (UNIDADE: M3XKM). AF_07/2020(Transporte de Material de JAZIDA - SUB LEITO) | E45: =E39 -> M³ x Km | F45: =F43 -> 0 | G45: =G43 -> 9 | H45: 1.25 | I45: 5 | K45: =K43*H45*I45 -> 0
C46: 4.3.4 | D46: EXECUÇÃO E COMPACTAÇÃO DE CORPO DE ATERRO DE ATERRO (95% DE ENERGIA DO PROCTOR NORMAL) COM SOLO PREDOMINANTEMENTE ARGILOSO, EM CAMADAS COM ESPESSURA DE 20 CM - EXCLUSIVE ESCAVAÇÃO, CARGA E TRANSPORTE E SOLO. AF_09/2024 | E46: M3 | F46: =F45 -> 0 | G46: 9 | J46: =J42 -> 0 | K46: =(F46*G46*J46)*0.7 -> 0 | L46: FOI CONSIDERADO UMA MÉDIA DE 70% DOVOLUME TOTAL PARA REGULARIZAÇÃO DO SUB LEITO
D47: ARGILA, ARGILA VERMELHA OU ARGILA ARENOSA (RETIRADA NA JAZIDA, SEM TRANSPORTE) - MATERIAL COMPLEMENTAR P/ REGULARIZAÇÃO DO SUB LEITO | E47: M3 | F47: =F46 -> 0 | G47: 9 | J47: =J43 -> 0 | K47: =(F47*G47*J47)*0.7 -> 0 | L47: FOI CONSIDERADO UMA MÉDIA DE 70% DOVOLUME TOTAL PARA REGULARIZAÇÃO DO SUB LEITO
C49: 4.3.1 | D49: ESCAVAÇÃO HORIZONTAL, INCLUINDO CARGA E DESCARGA EM SOLO DE 1A CATEGORIA COM TRATOR DE ESTEIRAS (100HP/LÂMINA: 2,19M3). AF_07/2020 - MATERIAL DE EMPRÉSTIMO EM JAZIDA | E49: M³ | F49: VOLUME RETIRADO DA TOPOGRAFIA | K49: =4317.2 -> 4317.2
A50: SINAPI | B50: 101126 | C50: 4.3.2 | D50: CARGA, MANOBRA E DESCARGA DE SOLOS E MATERIAIS GRANULARES EM CAMINHÃO BASCULANTE 14 M³ - CARGA COM PÁ CARREGADEIRA (CAÇAMBA DE 1,7 A 2,8 M³ / 128 HP) E DESCARGA LIVRE (UNIDADE: M3). AF_07/2020 | E50: M³ | F50: VOLUME RETIRADO DA TOPOGRAFIA | K50: =K49 -> 4317.2
H51: EMPOLAMENTO (25%)
C52: 4.3.3 | D52: TRANSPORTE COM CAMINHÃO BASCULANTE DE 14 M³, EM VIA URBANA EM LEITO NATURAL (UNIDADE: M3XKM). AF_07/2020(Transporte de Material de JAZIDA - SUB BASE) | E52: =E39 -> M³ x Km | G52: =G50 -> 0 | H52: 1.25 | I52: =I39 -> 3 | K52: =K50*H52*I52 -> 16189.5
C53: 4.3.4 | D53: EXECUÇÃO E COMPACTAÇÃO DE CORPO DE ATERRO DE ATERRO (95% DE ENERGIA DO PROCTOR NORMAL) COM SOLO PREDOMINANTEMENTE ARGILOSO, EM CAMADAS COM ESPESSURA DE 20 CM - EXCLUSIVE ESCAVAÇÃO, CARGA E TRANSPORTE E SOLO. AF_09/2024 | E53: M3 | F53: VOLUME RETIRADO DA TOPOGRAFIA | K53: =K50 -> 4317.2
D54: ARGILA, ARGILA VERMELHA OU ARGILA ARENOSA (RETIRADA NA JAZIDA, SEM TRANSPORTE) - MATERIAL COMPLEMENTAR P/ REGULARIZAÇÃO DO SUB LEITO | E54: M3 | F54: VOLUME RETIRADO DA TOPOGRAFIA | K54: =K53 -> 4317.2
C55: BASE
C56: 4.3.1 | D56: ESCAVAÇÃO HORIZONTAL, INCLUINDO CARGA E DESCARGA EM SOLO DE 1A CATEGORIA COM TRATOR DE ESTEIRAS (100HP/LÂMINA: 2,19M3). AF_07/2020 - MATERIAL DE EMPRÉSTIMO EM JAZIDA | E56: M³ | F56: =F40 -> 3320 | G56: 8 | J56: 0.1 | K56: =F56*G56*J56 -> 2656
A57: SINAPI | B57: 101126 | C57: 4.3.2 | D57: CARGA, MANOBRA E DESCARGA DE SOLOS E MATERIAIS GRANULARES EM CAMINHÃO BASCULANTE 14 M³ - CARGA COM PÁ CARREGADEIRA (CAÇAMBA DE 1,7 A 2,8 M³ / 128 HP) E DESCARGA LIVRE (UNIDADE: M3). AF_07/2020 | E57: M³ | F57: =F56 -> 3320 | G57: =G56 -> 8 | J57: =J56 -> 0.1 | K57: =F57*G57*J57 -> 2656
H58: EMPOLAMENTO (25%)
C59: 4.3.3 | D59: TRANSPORTE COM CAMINHÃO BASCULANTE DE 14 M³, EM VIA URBANA EM LEITO NATURAL (UNIDADE: M3XKM). AF_07/2020(Transporte de Material de JAZIDA - SUB BASE) | E59: =E45 -> M³ x Km | H59: 1.25 | I59: =I52 -> 3 | K59: =K57*H59*I59 -> 9960
C60: 4.3.4 | D60: EXECUÇÃO E COMPACTAÇÃO DE CORPO DE ATERRO DE ATERRO (95% DE ENERGIA DO PROCTOR NORMAL) COM SOLO PREDOMINANTEMENTE ARGILOSO, EM CAMADAS COM ESPESSURA DE 20 CM - EXCLUSIVE ESCAVAÇÃO, CARGA E TRANSPORTE E SOLO. AF_09/2024 | E60: M3 | F60: =F57 -> 3320 | G60: =G57 -> 8 | J60: =J56 -> 0.1 | K60: =F60*G60*J60 -> 2656
D61: ARGILA, ARGILA VERMELHA OU ARGILA ARENOSA (RETIRADA NA JAZIDA, SEM TRANSPORTE) | F61: =F60 -> 3320 | G61: 9 | J61: =J57 -> 0.1 | K61: =K60 -> 2656
A63: VICINAL DO CIMENTO - EXT.: 11,46 KM
C65: 5.2 | D65: LIMPEZA
A66: SINAPI | B66: 98525 | C66: 5.2.1 | D66: =D29 -> LIMPEZA MECANIZADA DE CAMADA VEGETAL, VEGETAÇÃO E PEQUENAS ÁRVORES (DIÂMETRO DE TRONCO MENOR QUE 0,20 M), COM TRATOR DE ESTEIRAS.AF_05/2018 - LIMPEZA DE CAMADA VEGETAL - 1,50 M PARA CADA LADO DA VIA | E66: M² | F66: 11460 | G66: 3 | K66: =F66*G66 -> 34380 | L66: =L29 -> FOI CONSIDERADO 1,5m DE LIMPEZA PARA CADA LADO DA VIA
A67: SINAPI | B67: 100974 | C67: 5.2.2 | D67: CARGA, MANOBRA E DESCARGA DE SOLOS E MATERIAIS GRANULARES EM CAMINHÃO BASCULANTE 10 M³ - CARGA COM PÁ CARREGADEIRA (CAÇAMBA DE 1,7 A 2,8 M³ / 128 HP) E DESCARGA LIVRE (UNIDADE: M3). AF_07/2020 - BOTA FORA DE MATERIAL INSERVÍVEL | E67: M³ | F67: =F66 -> 11460 | G67: =G66 -> 3 | I67: =I59 -> 3 | J67: 0.2 | K67: =F67*G67*J67 -> 6876
H68: EMPOLAMENTO (25%)
A69: SINAPI | B69: 93591 | C69: 5.2.3 | D69: TRANSPORTE COM CAMINHÃO BASCULANTE DE 14 M³, EM VIA URBANA EM LEITO NATURAL (UNIDADE: M3XKM). AF_07/2020(Transporte de Material de BOTA FORA) | E69: M³ x Km | F69: =F67 -> 11460 | G69: =G67 -> 3 | H69: 1.25 | I69: =I67 -> 3 | J69: 0.2 | K69: =F69*G69*J69*I69*H69 -> 25785
A70: SINAPI | B70: 100577 | C70: 5.2.4 | D70: REGULARIZAÇÃO E COMPACTAÇÃO DE SUBLEITO DE SOLO PREDOMINANTEMENTE ARENOSO. AF_11/2019 | E70: M² | F70: =F69 -> 11460 | G70: 8 | K70: =F70*G70 -> 91680
A71: Subtotal item 4.2
C72: 5.3 | D72: RECUPERAÇÃO DA VIA - TERRAPLENAGEM
A73: SINAPI | B73: 101126 | C73: 5.3.1 | D73: ESCAVAÇÃO HORIZONTAL, INCLUINDO CARGA E DESCARGA EM SOLO DE 1A CATEGORIA COM TRATOR DE ESTEIRAS (170HP/LÂMINA: 5,20M3). AF_07/2020 - CORTE DE MATERIAL | E73: M³ | F73: VOLUME RETIRADO DA TOPOGRAFIA | K73: =4204.18 -> 4204.18
H74: EMPOLAMENTO (25%)
A75: SINAPI | B75: =B69 -> 93591 | C75: 5.2.3 | D75: TRANSPORTE COM CAMINHÃO BASCULANTE DE 14 M³, EM VIA URBANA EM LEITO NATURAL (UNIDADE: M3XKM). AF_07/2020(Transporte de Material de BOTA FORA) | E75: M³ x Km | H75: 1.25 | I75: 5 | J75: 0.2 | K75: =K73*H75*I75 -> 26276.125
A76: SINAPI | B76: ='PLANILHA DESONERA RESUMO'!#REF! -> #REF! | C76: 5.2.4 | D76: ='PLANILHA DESONERA RESUMO'!#REF! -> #REF! | E76: M² | F76: =F70 -> 11460 | G76: =G70 -> 8 | J76: 0.2 | K76: =F76*G76 -> 91680
C77: SUB LEITO
C78: 4.3.1 | D78: ESCAVAÇÃO HORIZONTAL, INCLUINDO CARGA E DESCARGA EM SOLO DE 1A CATEGORIA COM TRATOR DE ESTEIRAS (100HP/LÂMINA: 2,19M3). AF_07/2020 - MATERIAL COMPLEMENTAR P/ RGULARIZAÇÃO DO SUB LEITO | E78: M³ | G78: 9 | J78: =J76 -> 0.2 | K78: =(F78*G78*J78)*0.7 -> 0 | L78: FOI CONSIDERADO UMA MÉDIA DE 70% DOVOLUME TOTAL PARA REGULARIZAÇÃO DO SUB LEITO
C79: 4.3.2 | D79: CARGA, MANOBRA E DESCARGA DE SOLOS E MATERIAIS GRANULARES EM CAMINHÃO BASCULANTE 14 M³ - CARGA COM PÁ CARREGADEIRA (CAÇAMBA DE 1,7 A 2,8 M³ / 128 HP) E DESCARGA LIVRE (UNIDADE: M3). AF_07/2020 - JAZIDA PARA O SUB LEITO | E79: M³ | G79: 9 | J79: =J76 -> 0.2 | K79: =(F79*G79*J79)*0.7 -> 0 | L79: FOI CONSIDERADO UMA MÉDIA DE 70% DOVOLUME TOTAL PARA REGULARIZAÇÃO DO SUB LEITO
H80: EMPOLAMENTO (25%)
C81: 4.3.3 | D81: TRANSPORTE COM CAMINHÃO BASCULANTE DE 14 M³, EM VIA URBANA EM LEITO NATURAL (UNIDADE: M3XKM). AF_07/2020(Transporte de Material de JAZIDA - SUB LEITO) | E81: =E75 -> M³ x Km | F81: =F79 -> 0 | G81: =G79 -> 9 | H81: 1.25 | I81: 5 | K81: =K79*H81*I81 -> 0
C82: 4.3.4 | D82: EXECUÇÃO E COMPACTAÇÃO DE CORPO DE ATERRO DE ATERRO (95% DE ENERGIA DO PROCTOR NORMAL) COM SOLO PREDOMINANTEMENTE ARGILOSO, EM CAMADAS COM ESPESSURA DE 20 CM - EXCLUSIVE ESCAVAÇÃO, CARGA E TRANSPORTE E SOLO. AF_09/2024 | E82: M3 | F82: =F81 -> 0 | G82: 9 | J82: =J78 -> 0.2 | K82: =(F82*G82*J82)*0.7 -> 0 | L82: FOI CONSIDERADO UMA MÉDIA DE 70% DOVOLUME TOTAL PARA REGULARIZAÇÃO DO SUB LEITO
B83: ='PLANILHA DESONERA RESUMO'!#REF! -> #REF! | D83: ARGILA, ARGILA VERMELHA OU ARGILA ARENOSA (RETIRADA NA JAZIDA, SEM TRANSPORTE) - MATERIAL COMPLEMENTAR P/ REGULARIZAÇÃO DO SUB LEITO | E83: M3 | F83: =F82 -> 0 | G83: 9 | J83: =J79 -> 0.2 | K83: =K73 -> 4204.18
C84: SUB BASE
D85: ESCAVAÇÃO HORIZONTAL, INCLUINDO CARGA E DESCARGA EM SOLO DE 1A CATEGORIA COM TRATOR DE ESTEIRAS (100HP/LÂMINA: 2,19M3). AF_07/2020 - CORTE | E85: M³ | F85: VOLUME RETIRADO DA TOPOGRAFIA | K85: =4204.18 -> 4204.18
D86: EXECUÇÃO E COMPACTAÇÃO DE CORPO DE ATERRO DE ATERRO (95% DE ENERGIA DO PROCTOR NORMAL) COM SOLO PREDOMINANTEMENTE ARGILOSO, EM CAMADAS COM ESPESSURA DE 20 CM - EXCLUSIVE ESCAVAÇÃO, CARGA E TRANSPORTE E SOLO. AF_09/2024 | E86: M3 | F86: VOLUME RETIRADO DA TOPOGRAFIA | K86: =K85 -> 4204.18
A87: SINAPI | B87: 101126 | D87: CARGA, MANOBRA E DESCARGA DE SOLOS E MATERIAIS GRANULARES EM CAMINHÃO BASCULANTE 14 M³ - CARGA COM PÁ CARREGADEIRA (CAÇAMBA DE 1,7 A 2,8 M³ / 128 HP) E DESCARGA LIVRE (UNIDADE: M3). AF_07/2020 | E87: M³ | F87: VOLUME RETIRADO DA TOPOGRAFIA | K87: =K85 -> 4204.18
H88: EMPOLAMENTO (25%)
D89: TRANSPORTE COM CAMINHÃO BASCULANTE DE 14 M³, EM VIA URBANA EM LEITO NATURAL (UNIDADE: M3XKM). AF_07/2020(Transporte de Material de JAZIDA - SUB BASE) | E89: =E75 -> M³ x Km | G89: =G87 -> 0 | H89: 1.25 | I89: =I69 -> 3 | K89: =K87*H89*I89 -> 15765.675
D90: ESCAVAÇÃO HORIZONTAL, INCLUINDO CARGA E DESCARGA EM SOLO DE 1A CATEGORIA COM TRATOR DE ESTEIRAS (100HP/LÂMINA: 2,19M3). AF_07/2020 - REGULARIZAÇÃO - MATERIAL JAZIDA | E90: M³ | F90: VOLUME RETIRADO DA TOPOGRAFIA | K90: 14902.85
A91: SINAPI | B91: 101126 | D91: CARGA, MANOBRA E DESCARGA DE SOLOS E MATERIAIS GRANULARES EM CAMINHÃO BASCULANTE 14 M³ - CARGA COM PÁ CARREGADEIRA (CAÇAMBA DE 1,7 A 2,8 M³ / 128 HP) E DESCARGA LIVRE (UNIDADE: M3). AF_07/2020 | E91: M³ | F91: VOLUME RETIRADO DA TOPOGRAFIA | K91: =K90 -> 14902.85
D92: TRANSPORTE COM CAMINHÃO BASCULANTE DE 14 M³, EM VIA URBANA EM LEITO NATURAL (UNIDADE: M3XKM). AF_07/2020(Transporte de Material de JAZIDA - SUB BASE) | E92: =E78 -> M³ | H92: 1.25 | I92: =I89 -> 3 | K92: =K91*H92*I92 -> 55885.688
D93: EXECUÇÃO E COMPACTAÇÃO DE CORPO DE ATERRO DE ATERRO (95% DE ENERGIA DO PROCTOR NORMAL) COM SOLO PREDOMINANTEMENTE ARGILOSO, EM CAMADAS COM ESPESSURA DE 20 CM - EXCLUSIVE ESCAVAÇÃO, CARGA E TRANSPORTE E SOLO. AF_09/2024 | E93: M³ | F93: VOLUME RETIRADO DA TOPOGRAFIA | K93: =K91 -> 14902.85
C94: BASE
C95: 5.3.6 | D95: ESCAVAÇÃO HORIZONTAL, INCLUINDO CARGA E DESCARGA EM SOLO DE 1A CATEGORIA COM TRATOR DE ESTEIRAS (100HP/LÂMINA: 2,19M3). AF_07/2020 - MATERIAL DE EMPRÉSTIMO EM JAZIDA EMPRÉSTIMO | E95: M³ | F95: =F76 -> 11460 | G95: 8 | J95: =J56 -> 0.1 | K95: =F95*G95*J95 -> 9168
C96: 5.3.7 | D96: CARGA, MANOBRA E DESCARGA DE SOLOS E MATERIAIS GRANULARES EM CAMINHÃO BASCULANTE 14 M³ - CARGA COM PÁ CARREGADEIRA (CAÇAMBA DE 1,7 A 2,8 M³ / 128 HP) E DESCARGA LIVRE (UNIDADE: M3). AF_07/2020 | E96: M³ | F96: =F95 -> 11460 | G96: =G95 -> 8 | J96: =J95 -> 0.1 | K96: =F96*G96*J96 -> 9168
H97: EMPOLAMENTO (25%)
C98: 5.3.8 | D98: TRANSPORTE COM CAMINHÃO BASCULANTE DE 14 M³, EM VIA URBANA EM LEITO NATURAL (UNIDADE: M3XKM). AF_07/2020(Transporte de Material de JAZIDA - SUB BASE) | E98: =E81 -> M³ x Km | H98: 1.25 | I98: =I92 -> 3 | K98: =K96*H98*I98 -> 34380
C99: 5.3.9 | D99: EXECUÇÃO E COMPACTAÇÃO DE CAMADA FINAL DE ATERRO (100% DE ENERGIA DO PROCTOR NORMAL) COM SOLO PREDOMINANTEMENTE ARGILOSO, EM CAMADAS COM ESPESSURA DE 20 CM - EXCLUSIVE ESCAVAÇÃO, CARGA E TRANSPORTE E SOLO. AF_09/2024 - BASE | E99: M3 | F99: =F96 -> 11460 | G99: =G96 -> 8 | J99: =J95 -> 0.1 | K99: =F99*G99*J99 -> 9168
C100: 5.3.10 | D100: ARGILA, ARGILA VERMELHA OU ARGILA ARENOSA (RETIRADA NA JAZIDA, SEM TRANSPORTE) | F100: =F99 -> 11460 | G100: =G99 -> 8 | J100: =J96 -> 0.1 | K100: =K99 -> 9168
A103: VICINAL DO BASÍLIO - EXT.: 2,23 KM
C105: 6.2 | D105: LIMPEZA
A106: SINAPI | B106: 98525 | C106: 6.2.1 | D106: =D66 -> LIMPEZA MECANIZADA DE CAMADA VEGETAL, VEGETAÇÃO E PEQUENAS ÁRVORES (DIÂMETRO DE TRONCO MENOR QUE 0,20 M), COM TRATOR DE ESTEIRAS.AF_05/2018 - LIMPEZA DE CAMADA VEGETAL - 1,50 M PARA CADA LADO DA VIA | E106: M² | F106: 2230 | G106: 3 | K106: =F106*G106 -> 6690 | L106: =L66 -> FOI CONSIDERADO 1,5m DE LIMPEZA PARA CADA LADO DA VIA
A107: SINAPI | B107: 100974 | C107: 6.2.2 | D107: CARGA, MANOBRA E DESCARGA DE SOLOS E MATERIAIS GRANULARES EM CAMINHÃO BASCULANTE 10 M³ - CARGA COM PÁ CARREGADEIRA (CAÇAMBA DE 1,7 A 2,8 M³ / 128 HP) E DESCARGA LIVRE (UNIDADE: M3). AF_07/2020 - BOTA FORA DE MATERIAL INSERVÍVEL | E107: M³ | F107: =F106 -> 2230 | G107: 3 | I107: =I98 -> 3 | J107: 0.2 | K107: =F107*G107*J107 -> 1338
H108: EMPOLAMENTO (25%)
A109: SINAPI | B109: 93591 | C109: 6.2.3 | D109: TRANSPORTE COM CAMINHÃO BASCULANTE DE 14 M³, EM VIA URBANA EM LEITO NATURAL (UNIDADE: M3XKM). AF_07/2020(Transporte de Material de BOTA FORA) | E109: M³ x Km | F109: =F107 -> 2230 | G109: 3 | H109: 1.25 | I109: =I107 -> 3 | J109: 0.2 | K109: =F109*G109*J109*I109*H109 -> 5017.5
...

Sheet MEM. CALCULO DRENAGEM
A2: MEMÓRIA DE CÁLCULO
A3: ='[1]PANILHA NÃO DESONERADA'!$A$2 -> CONVÊNIO
A4: ='[1]PANILHA NÃO DESONERADA'!$A$3 -> PROPONENTE | C4: PREFEITURA MUNICIPAL DE PRIMAVERA
A5: ='[1]PANILHA NÃO DESONERADA'!$F$2 -> MUNICÍPIO/UF | C5: PRIMAVERA
A6: ='[1]PANILHA NÃO DESONERADA'!$A$4 -> OBJETO | C6: SERVIÇOS DE REVESTIMENTO PRIMÁRIO NAS VICINAIS
A7: ='[1]PANILHA NÃO DESONERADA'!$A$5 -> ENDEREÇO OBRA
A9: 5 | B9: ='PLANILHA DESONERA RESUMO'!D91 -> DRENAGEM SUPERFICIAL E PROFUNDA
A11: 5.1 | B11: ='PLANILHA DESONERA RESUMO'!D92 -> ESCAVAÇÃO MECANIZADA DE VALA COM PROF. ATÉ 1,5 M (MÉDIA MONTANTE E JUSANTE/UMA COMPOSIÇÃO POR TRECHO), ESCAVADEIRA (0,8 M3), LARG. DE 1,5 M A 2,5 M, EM SOLO DE 1A CATEGORIA, EM LOCAIS COM ALTO NÍVEL DE INTERFERÊNCIA. AF_09/2024 - CANALETAS DE DRENAGEM SUPERFICIAL
B16: Vicinal | C16: Comprimento | E16: Área | G16: Lados | I16: Volume
B17: VICINAL DO JABAROCA | C17: 3320 | D17: x | E17: =(0.4+0.1)*0.4/2 -> 0.1 | F17: x | G17: 2 | H17: = | I17: =ROUND(C17*E17*G17,2) -> 664
B18: VICINAL DO CIMENTO | C18: 11460 | D18: x | E18: =(0.4+0.1)*0.4/2 -> 0.1 | F18: x | G18: 2 | H18: = | I18: =ROUND(C18*E18*G18,2) -> 2292
B19: VICINAL DO BASÍLIO | C19: 2230 | D19: x | E19: =(0.4+0.1)*0.4/2 -> 0.1 | F19: x | G19: 2 | H19: = | I19: =ROUND(C19*E19*G19,2) -> 446
B20: L= | C20: =ROUND(SUM(I17:I19),2) -> 3402 | D20: M3
A23: 5.2 | B23: ESCAVAÇÃO MECANIZADA DE VALA COM PROF. ATÉ 1,5 M (MÉDIA MONTANTE E JUSANTE/UMA COMPOSIÇÃO POR TRECHO), ESCAVADEIRA (0,8 M3), LARG. DE 1,5 M A 2,5 M, EM SOLO DE 1A CATEGORIA, EM LOCAIS COM ALTO NÍVEL DE INTERFERÊNCIA. AF_09/2024 - ESCAVAÇÃO DRENAGEM PROFUNDA
B25: Vicinal | C25: Comprimento | E25: Área | G25: QUANT. | I25: Volume
B26: VICINAL DO JABAROCA | C26: 12 | D26: x | E26: =1.5*1.5 -> 2.25 | F26: x | G26: 4 | H26: = | I26: =ROUND(C26*E26*G26,2) -> 108
B27: VICINAL DO CIMENTO | C27: 12 | D27: x | E27: =1.5*1.5 -> 2.25 | F27: x | G27: 9 | H27: = | I27: =ROUND(C27*E27*G27,2) -> 243
B28: VICINAL DO BASÍLIO | C28: 12 | D28: x | E28: =1.5*1.5 -> 2.25 | F28: x | G28: 5 | H28: = | I28: =ROUND(C28*E28*G28,2) -> 135
B32: L= | C32: =ROUND(SUM(I26:I30),2) -> 486 | D32: M3
A35: 5.3 | B35: ='PLANILHA DESONERA RESUMO'!D94 -> TRANSPORTE COM CAMINHÃO BASCULANTE DE 14 M³, EM VIA URBANA EM LEITO NATURAL (UNIDADE: M3XKM). AF_07/2020
A37: OBS: | B37: Para o caso das vicinais com mais de um bota fora, o volume será divido pela quantidade de bota fora.
B38: Vicinal | C38: Volume | E38: DMT | G38: Peso Específico (T/m³) | I38: Empolamento (25%)
B39: VICINAL DO JABAROCA | C39: =I26 -> 108 | D39: x | E39: 5 | F39: x | G39: 1.6 | H39: x | I39: 1.25 | J39: = | K39: =ROUND(C39*E39*I39,2) -> 675
B40: VICINAL DO CIMENTO | C40: =I27 -> 243 | E40: 5 | F40: x | G40: 1.6 | H40: x | I40: 1.25 | J40: = | K40: =ROUND(C40*E40*I40,2) -> 1518.75
B41: VICINAL DO BASÍLIO | C41: =I28 -> 135 | E41: 5 | F41: x | G41: 1.6 | H41: x | I41: 1.25 | J41: = | K41: =ROUND(C41*E41*I41,2) -> 843.75
B43: L= | C43: =ROUND(SUM(K39:K42),2) -> 3037.5 | D43: M³xKM
A45: 5.4 | B45: LASTRO COM MATERIAL GRANULAR (AREIA MÉDIA), APLICADO EM PISOS OU LAJES SOBRE SOLO, ESPESSURA DE *10 CM*. AF_01/2024
B47: VOLUME TOTAL DE ESCAVAÇÃO
B48: Vicinal | C48: Comprimento | E48: Largura x Espessura | G48: QUANT. | I48: Volume
B49: =B39 -> VICINAL DO JABAROCA | C49: 12 | D49: x | E49: =1.5*0.1 -> 0.15 | F49: x | G49: =G26 -> 4 | H49: = | I49: =ROUND(C49*E49*G49,2) -> 7.2
B50: =B40 -> VICINAL DO CIMENTO | C50: 12 | D50: x | E50: =1.5*0.1 -> 0.15 | F50: x | G50: =G27 -> 9 | H50: = | I50: =ROUND(C50*E50*G50,2) -> 16.2
B51: =B41 -> VICINAL DO BASÍLIO | C51: 12 | D51: x | E51: =1.5*0.1 -> 0.15 | F51: x | G51: =G28 -> 5 | H51: = | I51: =ROUND(C51*E51*G51,2) -> 9
B54: Obs: Conforme manual de drenagem do DNIT, o recobrimento do tudo deverá ser de no mínimo 60cm.
B56: L= | C56: =SUM(I49:I52) -> 32.4 | D56: M3
A58: 5.7 | B58: ='PLANILHA DESONERA RESUMO'!D98 -> TUBO DE CONCRETO PARA REDES COLETORAS DE ÁGUAS PLUVIAIS, DIÂMETRO DE 600 MM, JUNTA RÍGIDA, INSTALADO EM LOCAL COM BAIXO NÍVEL DE INTERFERÊNCIAS - FORNECIMENTO E ASSENTAMENTO. AF_03/2024
B60: Vicinal | C60: Quant. | E60: Comp. | G60: Total
B61: =B17 -> VICINAL DO JABAROCA | C61: 1 | D61: x | E61: 12 | F61: = | G61: =ROUND(C61*E61,2) -> 12
B62: =B18 -> VICINAL DO CIMENTO | C62: 1 | D62: x | E62: 12 | F62: = | G62: =ROUND(C62*E62,2) -> 12
B63: =B19 -> VICINAL DO BASÍLIO | C63: 1 | D63: x | E63: 12 | F63: = | G63: =ROUND(C63*E63,2) -> 12
B65: L= | C65: =SUM(G61:G64) -> 36 | D65: M
A67: 5.8 | B67: TUBO DE CONCRETO PARA REDES COLETORAS DE ÁGUAS PLUVIAIS, DIÂMETRO DE 800 MM, JUNTA RÍGIDA, INSTALADO EM LOCAL COM BAIXO NÍVEL DE INTERFERÊNCIAS - FORNECIMENTO E ASSENTAMENTO. AF_03/2024
B69: Vicinal | C69: Quant. | E69: Comp. | G69: Total
B70: =B61 -> VICINAL DO JABAROCA | C70: 2 | D70: x | E70: 12 | F70: = | G70: =ROUND(C70*E70,2) -> 24
B71: =B62 -> VICINAL DO CIMENTO | C71: 2 | D71: x | E71: 12 | F71: = | G71: =ROUND(C71*E71,2) -> 24
B72: =B63 -> VICINAL DO BASÍLIO | C72: 3 | D72: x | E72: 12 | F72: = | G72: =ROUND(C72*E72,2) -> 36
B74: L= | C74: =SUM(G70:G73) -> 84 | D74: M
A76: 5.9 | B76: TUBO DE CONCRETO PARA REDES COLETORAS DE ÁGUAS PLUVIAIS, DIÂMETRO DE 1000 MM, JUNTA RÍGIDA, INSTALADO EM LOCAL COM BAIXO NÍVEL DE INTERFERÊNCIAS - FORNECIMENTO E ASSENTAMENTO. AF_03/2024
B78: Vicinal | C78: Quant. | E78: Comp. | G78: Total
B79: =B70 -> VICINAL DO JABAROCA | C79: 1 | D79: x | E79: 12 | F79: = | G79: =ROUND(C79*E79,2) -> 12
B80: =B71 -> VICINAL DO CIMENTO | C80: 6 | D80: x | E80: 12 | F80: = | G80: =ROUND(C80*E80,2) -> 72
B81: =B72 -> VICINAL DO BASÍLIO | C81: 1 | D81: x | E81: 12 | F81: = | G81: =ROUND(C81*E81,2) -> 12
B83: L= | C83: =SUM(G79:G82) -> 96 | D83: M
A87: 5.2 | B87: ='PLANILHA DESONERA RESUMO'!D93 -> ESCAVAÇÃO MECANIZADA DE VALA COM PROF. ATÉ 1,5 M (MÉDIA MONTANTE E JUSANTE/UMA COMPOSIÇÃO POR TRECHO), ESCAVADEIRA (0,8 M3), LARG. DE 1,5 M A 2,5 M, EM SOLO DE 1A CATEGORIA, EM LOCAIS COM ALTO NÍVEL DE INTERFERÊNCIA. AF_09/2024 - ESCAVAÇÃO DRENAGEM PROFUNDA
B89: Vicinal | C89: Quant. | E89: Comp. | G89: Total
B90: =B70 -> VICINAL DO JABAROCA | C90: 2 | D90: x | E90: 12 | F90: = | G90: =ROUND(C90*E90,2) -> 24
B91: =B71 -> VICINAL DO CIMENTO | D91: x | E91: 12 | F91: = | G91: =ROUND(C91*E91,2) -> 0
B92: =B72 -> VICINAL DO BASÍLIO | D92: x | E92: 12 | F92: = | G92: =ROUND(C92*E92,2) -> 0
B95: L= | C95: =ROUND(SUM(G90:G93),2) -> 24 | D95: M
A97: ='[1]PANILHA NÃO DESONERADA'!C46 -> 4.4.7 | B97: ='PLANILHA DESONERA RESUMO'!D95 -> LASTRO COM MATERIAL GRANULAR (AREIA MÉDIA), APLICADO EM PISOS OU LAJES SOBRE SOLO, ESPESSURA DE *10 CM*. AF_01/2024
B99: VOLUME TOTAL DE ESCAVAÇÃO
B100: Vicinal | C100: Comprimento | E100: Largura + folga | G100: Altura | I100: Volume
B101: =B90 -> VICINAL DO JABAROCA | C101: =G61+G70+G90 -> 60 | D101: x | E101: 1.5 | F101: x | G101: 1.2 | H101: = | I101: =ROUND(C101*E101*G101,2) -> 108
B102: =B91 -> VICINAL DO CIMENTO
B103: =B92 -> VICINAL DO BASÍLIO
B106: Obs: Conforme manual de drenagem do DNIT, o recobrimento do tudo deverá ser de no mínimo 60cm.
B108: L= | C108: =SUM(I101:I104) -> 108 | D108: M3
A110: ='[1]PANILHA NÃO DESONERADA'!C47 -> 4.4.8 | B110: ='[1]PANILHA NÃO DESONERADA'!D47 -> REATERRO MECANIZADO DE VALA COM RETROESCAVADEIRA (CAPACIDADE DA CAÇAMBA DA RETRO: 0,26 M³ / POTÊNCIA: 88 HP), LARGURA DE 0,8 A 1,5 M, PROFUNDIDADE DE 1,5 A 3,0 M, COM SOLO (SEM SUBSTITUIÇÃO) DE 1ª CATEGORIA EM LOCAIS COM BAIXO NÍVEL DE INTERFERÊNCIA. AF_04/2016
B112: Vicinal | C112: Comprimento | E112: Largura + folga | G112: Altura | I112: Volume
B113: =B101 -> VICINAL DO JABAROCA | C113: =G61+G70+G79 -> 48 | D113: x | E113: 1.5 | F113: x | G113: 1.5 | H113: = | I113: =ROUND(C113*$E$113*G113,2) -> 108
B114: =B102 -> VICINAL DO CIMENTO | C114: =G62+G71+G80 -> 108 | D114: x | F114: x | G114: 1.5 | H114: = | I114: =ROUND(C114*$E$113*G114,2) -> 243
B115: =B103 -> VICINAL DO BASÍLIO | C115: =G63+G72+G81 -> 60 | D115: x | F115: x | G115: 1.5 | H115: = | I115: =ROUND(C115*$E$113*G115,2) -> 135
B119: L= | C119: =SUM(I113:I116) -> 486 | D119: M3
B121: VOLUME DA TUBULAÇÃO DE 600mm
B123: Vicinal | D123: VOLUME ATERRO | E123: VOLUME TUBULAÇÃO (Diam. Médio=0,8m) | F123: VOLUME DE REAL
B124: =B113 -> VICINAL DO JABAROCA | C124: = | D124: =I113 -> 108 | E124: =3.14*(0.3)^2*C113 -> 13.5648 | F124: =D124-E124 -> 94.4352
B125: =B114 -> VICINAL DO CIMENTO | C125: = | D125: =I114 -> 243 | E125: =3.14*(0.3)^2*C114 -> 30.5208 | F125: =D125-E125 -> 212.4792
B126: =B115 -> VICINAL DO BASÍLIO | D126: =I115 -> 135 | E126: =3.14*(0.3)^2*C115 -> 16.956 | F126: =D126-E126 -> 118.044
B129: L= | C129: =SUM(F124:F127) -> 424.9584 | D129: M3
B131: VOLUME DA TUBULAÇÃO DE 800mm
B133: Vicinal | D133: VOLUME ATERRO | E133: VOLUME TUBULAÇÃO (Diam. Médio=0,8m) | F133: VOLUME DE REAL
B134: =B122 -> 0 | C134: = | D134: =I122 -> 0 | E134: =3.14*(0.4)^2*C122 -> 0 | F134: =D134-E134 -> 0
B135: =B123 -> Vicinal | C135: = | D135: =I123 -> 0 | E135: =3.14*(0.4)^2*C123 -> 0 | F135: =D135-E135 -> 0
B136: =B124 -> VICINAL DO JABAROCA | D136: =I124 -> 0 | E136: =3.14*(0.4)^2*C124 -> #VALUE! | F136: =D136-E136 -> #VALUE!
B139: L= | C139: =SUM(F134:F137) -> #VALUE! | D139: M3
B141: VOLUME DA TUBULAÇÃO DE 1000mm
B143: Vicinal | D143: VOLUME ATERRO | E143: VOLUME TUBULAÇÃO (Diam. Médio=0,8m) | F143: VOLUME DE REAL
B144: =B131 -> VOLUME DA TUBULAÇÃO DE 800mm | C144: = | D144: =I131 -> 0 | E144: =3.14*(0.4)^2*C131 -> 0 | F144: =D144-E144 -> 0
B145: =B133 -> Vicinal | C145: = | D145: =I133 -> 0 | E145: =3.14*(0.4)^2*C133 -> 0 | F145: =D145-E145 -> 0
B146: =B134 -> 0 | D146: =I134 -> 0 | E146: =3.14*(0.4)^2*C134 -> #VALUE! | F146: =D146-E146 -> #VALUE!
B149: L= | C149: =SUM(F144:F147) -> #VALUE! | D149: M3
D162: MAYCON LEONAN DA SILVA MATOS ENGENHEIRO CIVIL CREA/PA: 1518018386PA

Sheet PLANILHA DESONERA RESUMO
A1: PLANILHA DE PREÇOS UNITÁRIOS/ OBRA DESONERADA
A2: CONVÊNIO | F2: MUNICÍPIO/UF | H2: PRIMAVERA
A3: PROPONENTE | C3: PREFEITURA MUNICIPAL DE PRIMAVERA | F3: BDI | H3: =BDI!I24 -> 0.2467 | I3: BDI DIF. | J3: ='BDI DIFER.'!I24 -> 0.13
A4: OBJETO | C4: SERVIÇOS DE REVESTIMENTO PRIMÁRIO NAS VICINAIS | F4: BASE DE DADOS | H4: SINAPI - 04/2025 - Pa / SICRO3 - 01/2025 - Pa SICRO2 - 11/2016 - Pa / SEDOP - 02/2025 - Pa - Com Leis Sociais
A5: ENDEREÇO OBRA | C5: VICINAIS DO MUNICÍPIO DE PRIMAVERA
A9: Item | B9: Código | C9: Banco | D9: Descrição | E9: Und | F9: Quant. | G9: Valor Unit | H9: Valor Unit com BDI | I9: Total | J9: Peso (%) | M9: Quant. | N9: Valor Unit | O9: Valor Unit com BDI | P9: Total | Q9: Peso (%)
A10: 1 | D10: SERVIÇOS INICIAIS | I10: =SUM(I11:I13) -> 54480.11 | J10: =I10/$I$105 -> 0.011316837 | P10: 6601211.7 | Q10: 1
A11: 1.1 | B11: 010000 | C11: SEDOP | D11: Licenças e taxas da obra (acima de 500m2) | E11: cj | F11: 1 | G11: 14713.3 | H11: =TRUNC(G11*(1+$H$3),2) -> 18343.07 | I11: =TRUNC((F11*H11),2) -> 18343.07 | J11: =I11/$I$105 -> 0.0038102995 | K11: 1 | L11: =K11=F11 -> TRUE | M11: 1 | N11: 14713.3 | O11: 18343.07 | P11: 18343.07 | Q11: 0.0027787429 | R11: =M11=F11 -> TRUE | S11: =N11=G11 -> TRUE | T11: =P11=I11 -> TRUE
A12: 1.2 | B12: 00004813 | C12: SINAPI | D12: PLACA DE OBRA (PARA CONSTRUCAO CIVIL) EM CHAPA GALVANIZADA *N. 22*, ADESIVADA, DE *2,4 X 1,2* M (SEM POSTES PARA FIXACAO) | E12: m² | F12: 12 | G12: 400 | H12: =TRUNC(G12*(1+$H$3),2) -> 498.68 | I12: =TRUNC((F12*H12),2) -> 5984.16 | J12: =I12/$I$105 -> 0.0012430548 | K12: 12 | L12: =K12=F12 -> TRUE | M12: 12 | N12: 400 | O12: 498.68 | P12: 5984.16 | Q12: 0.00090652448 | R12: =M12=F12 -> TRUE | S12: =N12=G12 -> TRUE | T12: =P12=I12 -> TRUE
A13: 1.3 | B13: 74210/001 | C13: SINAPI | D13: BARRACAO PARA DEPOSITO EM TABUAS DE MADEIRA, COBERTURA EM FIBROCIMENTO 4 MM, INCLUSO PISO ARGAMASSA TRAÇO 1:6 (CIMENTO E AREIA) | E13: m² | F13: 36 | G13: 671.84 | H13: =TRUNC(G13*(1+$H$3),2) -> 837.58 | I13: =TRUNC((F13*H13),2) -> 30152.88 | J13: =I13/$I$105 -> 0.0062634829 | K13: 36 | L13: =K13=F13 -> TRUE | M13: 36 | N13: 671.84 | O13: 837.58 | P13: 30152.88 | Q13: 0.0045677796 | R13: =M13=F13 -> TRUE | S13: =N13=G13 -> TRUE | T13: =P13=I13 -> TRUE
A14: 2 | D14: ADMINISTRAÇÃO | I14: =SUM(I15:I16) -> 139567.2 | J14: =I14/$I$105 -> 0.028991485 | R14: =M14=F14 -> TRUE | S14: =N14=G14 -> TRUE
A15: 2.1 | B15: 90778 | C15: SINAPI | D15: ENGENHEIRO CIVIL DE OBRA PLENO COM ENCARGOS COMPLEMENTARES | E15: H | F15: ='MEMÓRIA DE CÁLCULO'!K10 -> 720 | G15: 124.1 | H15: =TRUNC(G15*(1+$H$3),2) -> 154.71 | I15: =TRUNC((F15*H15),2) -> 111391.2 | J15: =I15/$I$105 -> 0.023138648 | K15: 2640 | L15: =K15=F15 -> FALSE | M15: 2640 | N15: 124.1 | O15: 154.71 | P15: 408434.4 | Q15: 0.06187264 | R15: =M15=F15 -> FALSE | S15: =N15=G15 -> TRUE | T15: =P15=I15 -> FALSE
A16: 2.2 | B16: 90776 | C16: SINAPI | D16: ENCARREGADO GERAL COM ENCARGOS COMPLEMENTARES | E16: H | F16: ='MEMÓRIA DE CÁLCULO'!K11 -> 960 | G16: 23.55 | H16: =TRUNC(G16*(1+$H$3),2) -> 29.35 | I16: =TRUNC((F16*H16),2) -> 28176 | J16: =I16/$I$105 -> 0.0058528371 | K16: 2640 | L16: =K16=F16 -> FALSE | M16: 2640 | N16: 23.55 | O16: 29.35 | P16: 77484 | Q16: 0.011737845 | R16: =M16=F16 -> FALSE | S16: =N16=G16 -> TRUE | T16: =P16=I16 -> FALSE
A17: 3 | D17: MOBILIZAÇÃO E DESMOBILIZAÇÃO | I17: =SUM(I18:I18) -> 9862.2 | J17: =I17/$I$105 -> 0.0020486176 | L17: =K17=F17 -> TRUE | P17: 9862.2 | Q17: 0.0014939984 | R17: =M17=F17 -> TRUE | S17: =N17=G17 -> TRUE | T17: =P17=I17 -> TRUE
B18: Comp_002 | C18: PROPRIA | D18: MOBILIZAÇÃO EQUIPAMENTOS OBRA DE TERRAPLENAGEM | E18: UND | F18: 2 | G18: 3955.33 | H18: =TRUNC(G18*(1+$H$3),2) -> 4931.1 | I18: =TRUNC((F18*H18),2) -> 9862.2 | J18: =I18/$I$105 -> 0.0020486176 | K18: 2 | L18: =K18=F18 -> TRUE | M18: 2 | N18: 3955.33 | O18: 4931.1 | P18: 9862.2 | Q18: 0.0014939984 | R18: =M18=F18 -> TRUE | S18: =N18=G18 -> TRUE | T18: =P18=I18 -> TRUE
A19: 4 | D19: REVESTIMENTO PRIMÁRIO DAS VICINAIS - EXT.: 17,01 Km | I19: =I20+I22+I45+I68 -> 4270286.3 | J19: =I19/$I$105 -> 0.8870418 | L19: =K19=F19 -> TRUE | P19: 0 | Q19: 0 | R19: =M19=F19 -> TRUE | S19: =N19=G19 -> TRUE
A20: 4.1 | D20: LOCAÇÃO DE PAVIMENTAÇÃO | I20: =I21 -> 8845.2 | J20: =I20/$I$105 -> 0.0018373621 | L20: =K20=F20 -> TRUE | P20: 6050951 | Q20: 0.91664247 | R20: =M20=F20 -> TRUE | S20: =N20=G20 -> TRUE
A21: 4.1.1 | B21: 99064 | C21: SINAPI | D21: LOCAÇÃO DE PAVIMENTAÇÃO. AF_10/2018 | E21: M | F21: ='MEMÓRIA DE CÁLCULO'!F23 -> 17010 | G21: 0.42 | H21: =TRUNC(G21*(1+$H$3),2) -> 0.52 | I21: =TRUNC((F21*H21),2) -> 8845.2 | J21: =I21/$I$105 -> 0.0018373621 | K21: 17010 | L21: =K21=F21 -> TRUE | M21: 17010 | N21: 0.42 | O21: 0.52 | P21: 8845.2 | Q21: 0.0013399358 | R21: =M21=F21 -> TRUE | S21: =N21=G21 -> TRUE | T21: =P21=I21 -> TRUE
A22: 4.2 | D22: VICINAL DO JABAROCA - EXT.: 3,32 KM | I22: =I23+I28 -> 978698.16 | J22: =I22/$I$105 -> 0.20329929 | L22: =K22=F22 -> TRUE | P22: 0 | Q22: 0 | R22: =M22=F22 -> TRUE | S22: =N22=G22 -> TRUE
A23: 4.2.1 | D23: LIMPEZA | I23: =SUM(I24:I27) -> 74909.16 | J23: =I23/$I$105 -> 0.015560445 | L23: =K23=F23 -> TRUE | P23: 6042105.8 | Q23: 0.91530253 | R23: =M23=F23 -> TRUE | S23: =N23=G23 -> TRUE
A24: 4.2.1.1 | B24: 98525 | C24: SINAPI | D24: LIMPEZA MECANIZADA DE CAMADA VEGETAL, VEGETAÇÃO E PEQUENAS ÁRVORES (DIÂMETRO DE TRONCO MENOR QUE 0,20 M), COM TRATOR DE ESTEIRAS. AF_03/2024 - 2,0 M PARA CADA LADO DA VIA | E24: m² | F24: ='MEMÓRIA DE CÁLCULO'!K29 -> 9960 | G24: 0.66 | H24: =TRUNC(G24*(1+$H$3),2) -> 0.82 | I24: =TRUNC((F24*H24),2) -> 8167.2 | J24: =I24/$I$105 -> 0.0016965251 | K24: 13280 | L24: =K24=F24 -> FALSE | M24: 9960 | N24: 0.66 | O24: 0.82 | P24: 8167.2 | Q24: 0.0012372274 | R24: =M24=F24 -> TRUE | S24: =N24=G24 -> TRUE | T24: =P24=I24 -> TRUE
A25: 4.2.1.2 | B25: 100975 | C25: SINAPI | D25: CARGA, MANOBRA E DESCARGA DE SOLOS E MATERIAIS GRANULARES EM CAMINHÃO BASCULANTE 14 M³ - CARGA COM PÁ CARREGADEIRA (CAÇAMBA DE 1,7 A 2,8 M³ / 128 HP) E DESCARGA LIVRE (UNIDADE: M3). AF_07/2020 | E25: m³ | F25: ='MEMÓRIA DE CÁLCULO'!K30 -> 1992 | G25: 9.25 | H25: =TRUNC(G25*(1+$H$3),2) -> 11.53 | I25: =TRUNC((F25*H25),2) -> 22967.76 | J25: =I25/$I$105 -> 0.0047709596 | K25: 2656 | L25: =K25=F25 -> FALSE | M25: 1992 | N25: 9.25 | O25: 11.53 | P25: 22967.76 | Q25: 0.0034793248 | R25: =M25=F25 -> TRUE | S25: =N25=G25 -> TRUE | T25: =P25=I25 -> TRUE
A26: 4.2.1.3 | B26: 93591 | C26: SINAPI | D26: TRANSPORTE COM CAMINHÃO BASCULANTE DE 14 M³, EM VIA URBANA EM LEITO NATURAL (UNIDADE: M3XKM). AF_07/2020 | E26: M3XKM | F26: ='MEMÓRIA DE CÁLCULO'!K32 -> 7470 | G26: 2.91 | H26: =TRUNC(G26*(1+$H$3),2) -> 3.62 | I26: =TRUNC((F26*H26),2) -> 27041.4 | J26: =I26/$I$105 -> 0.0056171532 | K26: 16600 | L26: =K26=F26 -> FALSE | M26: 12450 | N26: 2.91 | O26: 3.62 | P26: 45069 | Q26: 0.0068273829 | R26: =M26=F26 -> FALSE | S26: =N26=G26 -> TRUE | T26: =P26=I26 -> FALSE
A27: 4.2.1.4 | B27: 100577 | C27: SINAPI | D27: REGULARIZAÇÃO E COMPACTAÇÃO DE SUBLEITO DE SOLO PREDOMINANTEMENTE ARENOSO, PARA OBRAS DE CONSTRUÇÃO DE PAVIMENTOS. AF_09/2024 | E27: m² | F27: ='MEMÓRIA DE CÁLCULO'!K33 -> 26560 | G27: 0.51 | H27: =TRUNC(G27*(1+$H$3),2) -> 0.63 | I27: =TRUNC((F27*H27),2) -> 16732.8 | J27: =I27/$I$105 -> 0.0034758075 | K27: 29880 | L27: =K27=F27 -> FALSE | M27: 26560 | N27: 0.51 | O27: 0.63 | P27: 16732.8 | Q27: 0.0025348073 | R27: =M27=F27 -> TRUE | S27: =N27=G27 -> TRUE | T27: =P27=I27 -> TRUE
A28: 4.2.2 | D28: REVESTIMENTO PRIMÁRIO DA VIA | I28: =I29+I39 -> 903789 | J28: =I28/$I$105 -> 0.18773885 | L28: =K28=F28 -> TRUE | R28: =M29=F28 -> TRUE | S28: =N28=G28 -> TRUE
A29: 4.2.2.1 | D29: SUB BASE | I29: =SUM(I30:I38) -> 631695.08 | J29: =I29/$I$105 -> 0.13121836 | K29: 440.92 | L29: =K29=F29 -> FALSE | P29: 863806.25 | Q29: 0.13085571 | R29: =M30=F29 -> FALSE | S29: =N29=G29 -> TRUE
A30: 4.2.2.1.1 | B30: 101124 | C30: SINAPI | D30: ESCAVAÇÃO HORIZONTAL, INCLUINDO CARGA E DESCARGA EM SOLO DE 1A CATEGORIA COM TRATOR DE ESTEIRAS (100HP/LÂMINA: 2,19M3). AF_07/2020 - CORTE DE MATERIAL | E30: m³ | F30: ='MEMÓRIA DE CÁLCULO'!K37 -> 440.92 | G30: 16.09 | H30: =TRUNC(G30*(1+$H$3),2) -> 20.05 | I30: =TRUNC((F30*H30),2) -> 8840.44 | J30: =I30/$I$105 -> 0.0018363733 | K30: 440.92 | L30: =K30=F30 -> TRUE | M30: 440.92 | N30: 16.09 | O30: 20.05 | P30: 8840.44 | Q30: 0.0013392147 | R30: =M30=F30 -> TRUE | S30: =N30=G30 -> TRUE | T30: =P30=I30 -> TRUE
A31: 4.2.2.1.2 | B31: 100975 | C31: SINAPI | D31: CARGA, MANOBRA E DESCARGA DE SOLOS E MATERIAIS GRANULARES EM CAMINHÃO BASCULANTE 14 M³ - CARGA COM PÁ CARREGADEIRA (CAÇAMBA DE 1,7 A 2,8 M³ / 128 HP) E DESCARGA LIVRE (UNIDADE: M3). AF_07/2020 | E31: m³ | F31: =F30 -> 440.92 | G31: 9.25 | H31: =TRUNC(G31*(1+$H$3),2) -> 11.53 | I31: =TRUNC((F31*H31),2) -> 5083.8 | J31: =I31/$I$105 -> 0.0010560283 | K31: 2755.75 | L31: =K31=F31 -> FALSE | M31: 440.92 | N31: 9.25 | O31: 11.53 | P31: 5083.8 | Q31: 0.00077013133 | R31: =M31=F31 -> TRUE | S31: =N31=G31 -> TRUE | T31: =P31=I31 -> TRUE
A32: 4.2.2.1.3 | B32: 93591 | C32: SINAPI | D32: TRANSPORTE COM CAMINHÃO BASCULANTE DE 14 M³, EM VIA URBANA EM LEITO NATURAL (UNIDADE: M3XKM). AF_07/2020 | E32: M3XKM | F32: ='MEMÓRIA DE CÁLCULO'!K39 -> 1653.45 | G32: 2.91 | H32: =TRUNC(G32*(1+$H$3),2) -> 3.62 | I32: =TRUNC((F32*H32),2) -> 5985.48 | J32: =I32/$I$105 -> 0.001243329 | K32: 26560 | L32: =K32=F32 -> FALSE | M32: 2755.75 | N32: 2.91 | O32: 3.62 | P32: 9975.81 | Q32: 0.0015112089 | R32: =M32=F32 -> FALSE | S32: =N32=G32 -> TRUE | T32: =P32=I32 -> FALSE
A33: 4.2.2.1.4 | B33: 105559 | C33: SINAPI | D33: EXECUÇÃO E COMPACTAÇÃO DE CORPO DE ATERRO DE ATERRO (95% DE ENERGIA DO PROCTOR NORMAL) COM SOLO PREDOMINANTEMENTE ARGILOSO, EM CAMADAS COM ESPESSURA DE 20 CM - EXCLUSIVE ESCAVAÇÃO, CARGA E TRANSPORTE E SOLO. AF_09/2024 | E33: m³ | F33: ='MEMÓRIA DE CÁLCULO'!K40 -> 26560 | G33: 10.83 | H33: =TRUNC(G33*(1+$H$3),2) -> 13.5 | I33: =TRUNC((F33*H33),2) -> 358560 | J33: =I33/$I$105 -> 0.074481589 | K33: 4317.2 | L33: =K33=F33 -> FALSE | M33: 26560 | N33: 10.83 | O33: 13.5 | P33: 358560 | Q33: 0.0543173 | R33: =M33=F33 -> TRUE | S33: =N33=G33 -> TRUE | T33: =P33=I33 -> TRUE
A34: 4.2.2.1.5 | B34: 101124 | C34: SINAPI | D34: ESCAVAÇÃO HORIZONTAL, INCLUINDO CARGA E DESCARGA EM SOLO DE 1A CATEGORIA COM TRATOR DE ESTEIRAS (100HP/LÂMINA: 2,19M3). AF_07/2020 - MATERIAL DE EMPRÉSTIMO EM JAZIDA | E34: m³ | F34: ='MEMÓRIA DE CÁLCULO'!K49 -> 4317.2 | G34: 16.09 | H34: =TRUNC(G34*(1+$H$3),2) -> 20.05 | I34: =TRUNC((F34*H34),2) -> 86559.86 | J34: =I34/$I$105 -> 0.017980578 | K34: 4317.2 | L34: =K34=F34 -> TRUE | M34: 4317.2 | N34: 16.09 | O34: 20.05 | P34: 86559.86 | Q34: 0.013112723 | R34: =M34=F34 -> TRUE | S34: =N34=G34 -> TRUE | T34: =P34=I34 -> TRUE
A35: 4.2.2.1.6 | B35: 100975 | C35: SINAPI | D35: CARGA, MANOBRA E DESCARGA DE SOLOS E MATERIAIS GRANULARES EM CAMINHÃO BASCULANTE 14 M³ - CARGA COM PÁ CARREGADEIRA (CAÇAMBA DE 1,7 A 2,8 M³ / 128 HP) E DESCARGA LIVRE (UNIDADE: M3). AF_07/2020 | E35: m³ | F35: ='MEMÓRIA DE CÁLCULO'!K50 -> 4317.2 | G35: 9.25 | H35: =TRUNC(G35*(1+$H$3),2) -> 11.53 | I35: =TRUNC((F35*H35),2) -> 49777.31 | J35: =I35/$I$105 -> 0.010339952 | K35: 26982.5 | L35: =K35=F35 -> FALSE | M35: 4317.2 | N35: 9.25 | O35: 11.53 | P35: 49777.31 | Q35: 0.0075406322 | R35: =M35=F35 -> TRUE | S35: =N35=G35 -> TRUE | T35: =P35=I35 -> TRUE
A36: 4.2.2.1.7 | B36: 93591 | C36: SINAPI | D36: TRANSPORTE COM CAMINHÃO BASCULANTE DE 14 M³, EM VIA URBANA EM LEITO NATURAL (UNIDADE: M3XKM). AF_07/2020 | E36: M3XKM | F36: ='MEMÓRIA DE CÁLCULO'!K52 -> 16189.5 | G36: 2.91 | H36: =TRUNC(G36*(1+$H$3),2) -> 3.62 | I36: =TRUNC((F36*H36),2) -> 58605.99 | J36: =I36/$I$105 -> 0.012173882 | K36: 4317.2 | L36: =K36=F36 -> FALSE | M36: 26982.5 | N36: 2.91 | O36: 3.62 | P36: 97676.65 | Q36: 0.014796776 | R36: =M36=F36 -> FALSE | S36: =N36=G36 -> TRUE | T36: =P36=I36 -> FALSE
A37: 4.2.2.1.8 | B37: 105559 | C37: SINAPI | D37: EXECUÇÃO E COMPACTAÇÃO DE CORPO DE ATERRO DE ATERRO (95% DE ENERGIA DO PROCTOR NORMAL) COM SOLO PREDOMINANTEMENTE ARGILOSO, EM CAMADAS COM ESPESSURA DE 20 CM - EXCLUSIVE ESCAVAÇÃO, CARGA E TRANSPORTE E SOLO. AF_09/2024 | E37: m³ | F37: ='MEMÓRIA DE CÁLCULO'!K53 -> 4317.2 | G37: 10.83 | H37: =TRUNC(G37*(1+$H$3),2) -> 13.5 | I37: =TRUNC((F37*H37),2) -> 58282.2 | J37: =I37/$I$105 -> 0.012106623 | K37: 4317.2 | L37: =K37=F37 -> TRUE | M37: 4317.2 | N37: 10.83 | O37: 13.5 | P37: 58282.2 | Q37: 0.0088290154 | R37: =M37=F37 -> TRUE | S37: =N37=G37 -> TRUE | T37: =P37=I37 -> TRUE
A38: 4.2.2.1.9 | B38: 00006079 | C38: SINAPI | D38: ARGILA, ARGILA VERMELHA OU ARGILA ARENOSA (RETIRADA NA JAZIDA, SEM TRANSPORTE) | E38: m³ | G38: 38.76 | H38: =TRUNC(G38*(1+$J$3),2) -> 43.79 | I38: =TRUNC((F38*H38),2) -> 0 | J38: =I38/$I$105 -> 0 | L38: =K38=F38 -> TRUE | M38: 4317.2 | N38: 38.76 | O38: 43.79 | P38: 189050.18 | Q38: 0.028638709 | R38: =M38=F38 -> FALSE | S38: =N38=G38 -> TRUE
A39: 4.2.2.2 | D39: BASE | I39: =SUM(I40:I44) -> 272093.92 | J39: =I39/$I$105 -> 0.056520492 | K39: 5312 | L39: =K39=F39 -> FALSE | P39: 5085362.8 | Q39: 0.77036808 | R39: =M39=F39 -> TRUE | S39: =N39=G39 -> TRUE
A40: 4.2.2.2.1 | B40: 101124 | C40: SINAPI | D40: ESCAVAÇÃO HORIZONTAL, INCLUINDO CARGA E DESCARGA EM SOLO DE 1A CATEGORIA COM TRATOR DE ESTEIRAS (100HP/LÂMINA: 2,19M3). AF_07/2020 - MATERIAL DE EMPRÉSTIMO EM JAZIDA | E40: m³ | F40: ='MEMÓRIA DE CÁLCULO'!K56 -> 2656 | G40: 16.09 | H40: =TRUNC(G40*(1+$H$3),2) -> 20.05 | I40: =TRUNC((F40*H40),2) -> 53252.8 | J40: =I40/$I$105 -> 0.011061895 | K40: 5312 | L40: =K40=F40 -> FALSE | M40: 2656 | N40: 16.09 | O40: 20.05 | P40: 53252.8 | Q40: 0.008067125 | R40: =M40=F40 -> TRUE | S40: =N40=G40 -> TRUE | T40: =P40=I40 -> TRUE
A41: 4.2.2.2.2 | B41: 100975 | C41: SINAPI | D41: CARGA, MANOBRA E DESCARGA DE SOLOS E MATERIAIS GRANULARES EM CAMINHÃO BASCULANTE 14 M³ - CARGA COM PÁ CARREGADEIRA (CAÇAMBA DE 1,7 A 2,8 M³ / 128 HP) E DESCARGA LIVRE (UNIDADE: M3). AF_07/2020 | E41: m³ | F41: =F40 -> 2656 | G41: 9.25 | H41: =TRUNC(G41*(1+$H$3),2) -> 11.53 | I41: =TRUNC((F41*H41),2) -> 30623.68 | J41: =I41/$I$105 -> 0.0063612794 | K41: 33200 | L41: =K41=F41 -> FALSE | M41: 2656 | N41: 9.25 | O41: 11.53 | P41: 30623.68 | Q41: 0.0046390998 | R41: =M41=F41 -> TRUE | S41: =N41=G41 -> TRUE | T41: =P41=I41 -> TRUE
A42: 4.2.2.2.3 | B42: 93591 | C42: SINAPI | D42: TRANSPORTE COM CAMINHÃO BASCULANTE DE 14 M³, EM VIA URBANA EM LEITO NATURAL (UNIDADE: M3XKM). AF_07/2020 | E42: M3XKM | F42: ='MEMÓRIA DE CÁLCULO'!K59 -> 9960 | G42: 2.91 | H42: =TRUNC(G42*(1+$H$3),2) -> 3.62 | I42: =TRUNC((F42*H42),2) -> 36055.2 | J42: =I42/$I$105 -> 0.0074895376 | K42: 5312 | L42: =K42=F42 -> FALSE | M42: 16600 | N42: 2.91 | O42: 3.62 | P42: 60092 | Q42: 0.0091031772 | R42: =M42=F42 -> FALSE | S42: =N42=G42 -> TRUE | T42: =P42=I42 -> FALSE
A43: 4.2.2.2.4 | B43: 105559 | C43: SINAPI | D43: EXECUÇÃO E COMPACTAÇÃO DE CORPO DE ATERRO DE ATERRO (95% DE ENERGIA DO PROCTOR NORMAL) COM SOLO PREDOMINANTEMENTE ARGILOSO, EM CAMADAS COM ESPESSURA DE 20 CM - EXCLUSIVE ESCAVAÇÃO, CARGA E TRANSPORTE E SOLO. AF_09/2024 | E43: m³ | F43: ='MEMÓRIA DE CÁLCULO'!K60 -> 2656 | G43: 10.83 | H43: =TRUNC(G43*(1+$H$3),2) -> 13.5 | I43: =TRUNC((F43*H43),2) -> 35856 | J43: =I43/$I$105 -> 0.0074481589 | K43: 5312 | L43: =K43=F43 -> FALSE | M43: 2656 | N43: 10.83 | O43: 13.5 | P43: 35856 | Q43: 0.00543173 | R43: =M43=F43 -> TRUE | S43: =N43=G43 -> TRUE | T43: =P43=I43 -> TRUE
A44: 4.2.2.2.5 | B44: 00006079 | C44: SINAPI | D44: ARGILA, ARGILA VERMELHA OU ARGILA ARENOSA (RETIRADA NA JAZIDA, SEM TRANSPORTE) | E44: m³ | F44: ='MEMÓRIA DE CÁLCULO'!K61 -> 2656 | G44: 38.76 | H44: =TRUNC(G44*(1+$J$3),2) -> 43.79 | I44: =TRUNC((F44*H44),2) -> 116306.24 | J44: =I44/$I$105 -> 0.024159621 | L44: =K44=F44 -> FALSE | M44: 2656 | N44: 38.76 | O44: 43.79 | P44: 116306.24 | Q44: 0.017618923 | R44: =M44=F44 -> TRUE | S44: =N44=G44 -> TRUE | T44: =P44=I44 -> TRUE
A45: 4.3 | D45: VICINAL DO CIMENTO - EXT.:11,46 Km | I45: =I46+I51 -> 2318510.5 | J45: =I45/$I$105 -> 0.48161075 | L45: =K45=F45 -> TRUE | P45: 0 | Q45: 0 | R45: =M45=F45 -> TRUE | S45: =N45=G45 -> TRUE
A46: 4.3.1 | D46: LIMPEZA | I46: =SUM(I47:I50) -> 258571.98 | J46: =I46/$I$105 -> 0.053711658 | K46: 45840 | L46: =K46=F46 -> FALSE | P46: 4789232.1 | Q46: 0.72550803 | R46: =M46=F46 -> TRUE | S46: =N46=G46 -> TRUE
A47: 4.3.1.1 | B47: 98525 | C47: SINAPI | D47: LIMPEZA MECANIZADA DE CAMADA VEGETAL, VEGETAÇÃO E PEQUENAS ÁRVORES (DIÂMETRO DE TRONCO MENOR QUE 0,20 M), COM TRATOR DE ESTEIRAS. AF_03/2024 - 2,0 M PARA CADA LADO DA VIA | E47: m² | F47: ='MEMÓRIA DE CÁLCULO'!K66 -> 34380 | G47: 0.66 | H47: =TRUNC(G47*(1+$H$3),2) -> 0.82 | I47: =TRUNC((F47*H47),2) -> 28191.6 | J47: =I47/$I$105 -> 0.0058560776 | K47: 9168 | L47: =K47=F47 -> FALSE | M47: 34380 | N47: 0.66 | O47: 0.82 | P47: 28191.6 | Q47: 0.0042706705 | R47: =M47=F47 -> TRUE | S47: =N47=G47 -> TRUE | T47: =P47=I47 -> TRUE
A48: 4.3.1.2 | B48: 100975 | C48: SINAPI | D48: CARGA, MANOBRA E DESCARGA DE SOLOS E MATERIAIS GRANULARES EM CAMINHÃO BASCULANTE 14 M³ - CARGA COM PÁ CARREGADEIRA (CAÇAMBA DE 1,7 A 2,8 M³ / 128 HP) E DESCARGA LIVRE (UNIDADE: M3). AF_07/2020 | E48: m³ | F48: ='MEMÓRIA DE CÁLCULO'!K67 -> 6876 | G48: 9.25 | H48: =TRUNC(G48*(1+$H$3),2) -> 11.53 | I48: =TRUNC((F48*H48),2) -> 79280.28 | J48: =I48/$I$105 -> 0.016468433 | K48: 57300 | L48: =K48=F48 -> FALSE | M48: 6876 | N48: 9.25 | O48: 11.53 | P48: 79280.28 | Q48: 0.012009959 | R48: =M48=F48 -> TRUE | S48: =N48=G48 -> TRUE | T48: =P48=I48 -> TRUE
A49: 4.3.1.3 | B49: 93591 | C49: SINAPI | D49: TRANSPORTE COM CAMINHÃO BASCULANTE DE 14 M³, EM VIA URBANA EM LEITO NATURAL (UNIDADE: M3XKM). AF_07/2020 | E49: M3XKM | F49: ='MEMÓRIA DE CÁLCULO'!K69 -> 25785 | G49: 2.91 | H49: =TRUNC(G49*(1+$H$3),2) -> 3.62 | I49: =TRUNC((F49*H49),2) -> 93341.7 | J49: =I49/$I$105 -> 0.01938933 | K49: 91680 | L49: =K49=F49 -> FALSE | M49: 42975 | N49: 2.91 | O49: 3.62 | P49: 155569.5 | Q49: 0.02356681 | R49: =M49=F49 -> FALSE | S49: =N49=G49 -> TRUE | T49: =P49=I49 -> FALSE
A50: 4.3.1.4 | B50: 100577 | C50: SINAPI | D50: REGULARIZAÇÃO E COMPACTAÇÃO DE SUBLEITO DE SOLO PREDOMINANTEMENTE ARENOSO, PARA OBRAS DE CONSTRUÇÃO DE PAVIMENTOS. AF_09/2024 | E50: m² | F50: ='MEMÓRIA DE CÁLCULO'!K70 -> 91680 | G50: 0.51 | H50: =TRUNC(G50*(1+$H$3),2) -> 0.63 | I50: =TRUNC((F50*H50),2) -> 57758.4 | J50: =I50/$I$105 -> 0.011997817 | L50: =K50=F50 -> FALSE | M50: 91680 | N50: 0.51 | O50: 0.63 | P50: 57758.4 | Q50: 0.0087496663 | R50: =M50=F50 -> TRUE | S50: =N50=G50 -> TRUE | T50: =P50=I50 -> TRUE
A51: 4.3.2 | D51: REVESTIMENTO PRIMÁRIO DA VIA | I51: =I52+I62 -> 2059938.6 | J51: =I51/$I$105 -> 0.42789909 | K51: 4204.18 | L51: =K51=F51 -> FALSE | R51: =M51=F51 -> TRUE | S51: =N51=G51 -> TRUE
A52: 4.3.2.1 | D52: SUB BASE | I52: =SUM(I53:I61) -> 1120722.8 | J52: =I52/$I$105 -> 0.23280125 | K52: 4204.18 | L52: =K52=F52 -> FALSE | P52: 4468432.3 | Q52: 0.67691092 | R52: =M52=F52 -> TRUE | S52: =N52=G52 -> TRUE
A53: 4.3.2.1.1 | B53: 101124 | C53: SINAPI | D53: ESCAVAÇÃO HORIZONTAL, INCLUINDO CARGA E DESCARGA EM SOLO DE 1A CATEGORIA COM TRATOR DE ESTEIRAS (100HP/LÂMINA: 2,19M3). AF_07/2020 - CORTE DE MATERIAL | E53: m³ | F53: ='MEMÓRIA DE CÁLCULO'!K85 -> 4204.18 | G53: 16.09 | H53: =TRUNC(G53*(1+$H$3),2) -> 20.05 | I53: =TRUNC((F53*H53),2) -> 84293.8 | J53: =I53/$I$105 -> 0.017509862 | K53: 26276.13 | L53: =K53=F53 -> FALSE | M53: 4204.18 | N53: 16.09 | O53: 20.05 | P53: 84293.8 | Q53: 0.012769443 | R53: =M53=F53 -> TRUE | S53: =N53=G53 -> TRUE | T53: =P53=I53 -> TRUE
A54: 4.3.2.1.2 | B54: 100975 | C54: SINAPI | D54: CARGA, MANOBRA E DESCARGA DE SOLOS E MATERIAIS GRANULARES EM CAMINHÃO BASCULANTE 14 M³ - CARGA COM PÁ CARREGADEIRA (CAÇAMBA DE 1,7 A 2,8 M³ / 128 HP) E DESCARGA LIVRE (UNIDADE: M3). AF_07/2020 - MATERIAL DE EMPREÉSTIMO - JAZIDA | E54: m³ | F54: =F53 -> 4204.18 | G54: 9.25 | H54: =TRUNC(G54*(1+$H$3),2) -> 11.53 | I54: =TRUNC((F54*H54),2) -> 48474.19 | J54: =I54/$I$105 -> 0.010069262 | K54: 4204.18 | L54: =K54=F54 -> TRUE | M54: 4204.18 | N54: 9.25 | O54: 11.53 | P54: 48474.19 | Q54: 0.0073432261 | R54: =M54=F54 -> TRUE | S54: =N54=G54 -> TRUE | T54: =P54=I54 -> TRUE
A55: 4.3.2.1.3 | B55: 93591 | C55: SINAPI | D55: TRANSPORTE COM CAMINHÃO BASCULANTE DE 14 M³, EM VIA URBANA EM LEITO NATURAL (UNIDADE: M3XKM). AF_07/2020 - MATERIAL DE EMPREÉSTIMO - JAZIDA | E55: M3XKM | F55: ='MEMÓRIA DE CÁLCULO'!K89 -> 15765.675 | G55: 2.91 | H55: =TRUNC(G55*(1+$H$3),2) -> 3.62 | I55: =TRUNC((F55*H55),2) -> 57071.74 | J55: =I55/$I$105 -> 0.011855182 | K55: 14902.85 | L55: =K55=F55 -> FALSE | M55: 26276.13 | N55: 2.91 | O55: 3.62 | P55: 95119.59 | Q55: 0.014409414 | R55: =M55=F55 -> FALSE | S55: =N55=G55 -> TRUE | T55: =P55=I55 -> FALSE
A56: 4.3.2.1.4 | B56: 105559 | C56: SINAPI | D56: EXECUÇÃO E COMPACTAÇÃO DE CORPO DE ATERRO DE ATERRO (95% DE ENERGIA DO PROCTOR NORMAL) COM SOLO PREDOMINANTEMENTE ARGILOSO, EM CAMADAS COM ESPESSURA DE 20 CM - EXCLUSIVE ESCAVAÇÃO, CARGA E TRANSPORTE E SOLO. AF_09/2024 | E56: m³ | F56: ='MEMÓRIA DE CÁLCULO'!K86 -> 4204.18 | G56: 10.83 | H56: =TRUNC(G56*(1+$H$3),2) -> 13.5 | I56: =TRUNC((F56*H56),2) -> 56756.43 | J56: =I56/$I$105 -> 0.011789684 | K56: 14902.85 | L56: =K56=F56 -> FALSE | M56: 4204.18 | N56: 10.83 | O56: 13.5 | P56: 56756.43 | Q56: 0.0085978806 | R56: =M56=F56 -> TRUE | S56: =N56=G56 -> TRUE | T56: =P56=I56 -> TRUE
A57: 4.3.2.1.5 | B57: 101124 | C57: SINAPI | D57: ESCAVAÇÃO HORIZONTAL, INCLUINDO CARGA E DESCARGA EM SOLO DE 1A CATEGORIA COM TRATOR DE ESTEIRAS (100HP/LÂMINA: 2,19M3). AF_07/2020 - REGULARIZAÇÃO - MATERIAL DE EMPRÉSTIMO DEJAZIDA | E57: m³ | F57: ='MEMÓRIA DE CÁLCULO'!K90 -> 14902.85 | G57: 16.09 | H57: =TRUNC(G57*(1+$H$3),2) -> 20.05 | I57: =TRUNC((F57*H57),2) -> 298802.14 | J57: =I57/$I$105 -> 0.062068435 | K57: 93142.81 | L57: =K57=F57 -> FALSE | M57: 14902.85 | N57: 16.09 | O57: 20.05 | P57: 298802.14 | Q57: 0.045264741 | R57: =M57=F57 -> TRUE | S57: =N57=G57 -> TRUE | T57: =P57=I57 -> TRUE
A58: 4.3.2.1.6 | B58: 100975 | C58: SINAPI | D58: CARGA, MANOBRA E DESCARGA DE SOLOS E MATERIAIS GRANULARES EM CAMINHÃO BASCULANTE 14 M³ - CARGA COM PÁ CARREGADEIRA (CAÇAMBA DE 1,7 A 2,8 M³ / 128 HP) E DESCARGA LIVRE (UNIDADE: M3). AF_07/2020 - MATERIAL JAZIDA | E58: m³ | F58: ='MEMÓRIA DE CÁLCULO'!K91 -> 14902.85 | G58: 9.25 | H58: =TRUNC(G58*(1+$H$3),2) -> 11.53 | I58: =TRUNC((F58*H58),2) -> 171829.86 | J58: =I58/$I$105 -> 0.03569322 | K58: 14902.85 | L58: =K58=F58 -> TRUE | M58: 14902.85 | N58: 9.25 | O58: 11.53 | P58: 171829.86 | Q58: 0.026030048 | R58: =M58=F58 -> TRUE | S58: =N58=G58 -> TRUE | T58: =P58=I58 -> TRUE
A59: 4.3.2.1.7 | B59: 93591 | C59: SINAPI | D59: TRANSPORTE COM CAMINHÃO BASCULANTE DE 14 M³, EM VIA URBANA EM LEITO NATURAL (UNIDADE: M3XKM). AF_07/2020 - MATERIAL JAZIDA | E59: M3XKM | F59: ='MEMÓRIA DE CÁLCULO'!K92 -> 55885.688 | G59: 2.91 | H59: =TRUNC(G59*(1+$H$3),2) -> 3.62 | I59: =TRUNC((F59*H59),2)-0.01 -> 202306.17 | J59: =I59/$I$105 -> 0.042023887 | K59: 14902.85 | L59: =K59=F59 -> FALSE | M59: 93142.81 | N59: 2.91 | O59: 3.62 | P59: 337176.97 | Q59: 0.051078042 | R59: =M59=F59 -> FALSE | S59: =N59=G59 -> TRUE | T59: =P59=I59 -> FALSE
A60: 4.3.2.1.8 | B60: 105559 | C60: SINAPI | D60: EXECUÇÃO E COMPACTAÇÃO DE CORPO DE ATERRO DE ATERRO (95% DE ENERGIA DO PROCTOR NORMAL) COM SOLO PREDOMINANTEMENTE ARGILOSO, EM CAMADAS COM ESPESSURA DE 20 CM - EXCLUSIVE ESCAVAÇÃO, CARGA E TRANSPORTE E SOLO. AF_09/2024 | E60: m³ | F60: ='MEMÓRIA DE CÁLCULO'!K93 -> 14902.85 | G60: 10.83 | H60: =TRUNC(G60*(1+$H$3),2) -> 13.5 | I60: =TRUNC((F60*H60),2) -> 201188.47 | J60: =I60/$I$105 -> 0.041791714 | L60: =K60=F60 -> FALSE | M60: 14902.85 | N60: 10.83 | O60: 13.5 | P60: 201188.47 | Q60: 0.030477506 | R60: =M60=F60 -> TRUE | S60: =N60=G60 -> TRUE | T60: =P60=I60 -> TRUE
A61: 4.3.2.1.9 | B61: 00006079 | C61: SINAPI | D61: ARGILA, ARGILA VERMELHA OU ARGILA ARENOSA (RETIRADA NA JAZIDA, SEM TRANSPORTE) | E61: m³ | G61: 38.76 | H61: =TRUNC(G61*(1+$J$3),2) -> 43.79 | I61: =TRUNC((F61*H61),2) -> 0 | J61: =I61/$I$105 -> 0 | K61: 18336 | L61: =K61=F61 -> FALSE | M61: 14902.85 | N61: 38.76 | O61: 43.79 | P61: 652595.8 | Q61: 0.098860001 | R61: =M61=F61 -> FALSE | S61: =N61=G61 -> TRUE | T61: =P61=I61 -> FALSE
A62: 4.3.2.2 | D62: BASE - ESP.:20 Cm | I62: =SUM(I63:I67) -> 939215.76 | J62: =I62/$I$105 -> 0.19509784 | K62: 18336 | L62: =K62=F62 -> FALSE | P62: 2522195.1 | Q62: 0.38208062 | R62: =M62=F62 -> TRUE | S62: =N62=G62 -> TRUE
A63: 4.3.2.2.1 | B63: 101124 | C63: SINAPI | D63: ESCAVAÇÃO HORIZONTAL, INCLUINDO CARGA E DESCARGA EM SOLO DE 1A CATEGORIA COM TRATOR DE ESTEIRAS (100HP/LÂMINA: 2,19M3). AF_07/2020 - MATERIAL DE EMPRÉSTIMO DE JAZIDA | E63: m³ | F63: ='MEMÓRIA DE CÁLCULO'!K95 -> 9168 | G63: 16.09 | H63: =TRUNC(G63*(1+$H$3),2) -> 20.05 | I63: =TRUNC((F63*H63),2) -> 183818.4 | J63: =I63/$I$105 -> 0.03818353 | K63: 114600 | L63: =K63=F63 -> FALSE | M63: 9168 | N63: 16.09 | O63: 20.05 | P63: 183818.4 | Q63: 0.02784616 | R63: =M63=F63 -> TRUE | S63: =N63=G63 -> TRUE | T63: =P63=I63 -> TRUE
A64: 4.3.2.2.2 | B64: 100975 | C64: SINAPI | D64: CARGA, MANOBRA E DESCARGA DE SOLOS E MATERIAIS GRANULARES EM CAMINHÃO BASCULANTE 14 M³ - CARGA COM PÁ CARREGADEIRA (CAÇAMBA DE 1,7 A 2,8 M³ / 128 HP) E DESCARGA LIVRE (UNIDADE: M3). AF_07/2020 | E64: m³ | F64: ='MEMÓRIA DE CÁLCULO'!K96 -> 9168 | G64: 9.25 | H64: =TRUNC(G64*(1+$H$3),2) -> 11.53 | I64: =TRUNC((F64*H64),2) -> 105707.04 | J64: =I64/$I$105 -> 0.02195791 | K64: 18336 | L64: =K64=F64 -> FALSE | M64: 9168 | N64: 9.25 | O64: 11.53 | P64: 105707.04 | Q64: 0.016013278 | R64: =M64=F64 -> TRUE | S64: =N64=G64 -> TRUE | T64: =P64=I64 -> TRUE
A65: 4.3.2.2.3 | B65: 93591 | C65: SINAPI | D65: TRANSPORTE COM CAMINHÃO BASCULANTE DE 14 M³, EM VIA URBANA EM LEITO NATURAL (UNIDADE: M3XKM). AF_07/2020 | E65: M3XKM | F65: ='MEMÓRIA DE CÁLCULO'!K98 -> 34380 | G65: 2.91 | H65: =TRUNC(G65*(1+$H$3),2) -> 3.62 | I65: =TRUNC((F65*H65),2) -> 124455.6 | J65: =I65/$I$105 -> 0.02585244 | K65: 18336 | L65: =K65=F65 -> FALSE | M65: 57300 | N65: 2.91 | O65: 3.62 | P65: 207426 | Q65: 0.031422413 | R65: =M65=F65 -> FALSE | S65: =N65=G65 -> TRUE | T65: =P65=I65 -> FALSE
A66: 4.3.2.2.4 | B66: 105559 | C66: SINAPI | D66: EXECUÇÃO E COMPACTAÇÃO DE CORPO DE ATERRO DE ATERRO (95% DE ENERGIA DO PROCTOR NORMAL) COM SOLO PREDOMINANTEMENTE ARGILOSO, EM CAMADAS COM ESPESSURA DE 20 CM - EXCLUSIVE ESCAVAÇÃO, CARGA E TRANSPORTE E SOLO. AF_09/2024 | E66: m³ | F66: ='MEMÓRIA DE CÁLCULO'!K99 -> 9168 | G66: 10.83 | H66: =TRUNC(G66*(1+$H$3),2) -> 13.5 | I66: =TRUNC((F66*H66),2) -> 123768 | J66: =I66/$I$105 -> 0.025709609 | L66: =K66=F66 -> FALSE | M66: 9168 | N66: 10.83 | O66: 13.5 | P66: 123768 | Q66: 0.018749285 | R66: =M66=F66 -> TRUE | S66: =N66=G66 -> TRUE | T66: =P66=I66 -> TRUE
A67: 1.2.3.3.3.6.7.5.11.5 | B67: 00006079 | C67: SINAPI | D67: ARGILA, ARGILA VERMELHA OU ARGILA ARENOSA (RETIRADA NA JAZIDA, SEM TRANSPORTE) | E67: m³ | F67: =F66 -> 9168 | G67: 38.76 | H67: =TRUNC(G67*(1+$J$3),2) -> 43.79 | I67: =TRUNC((F67*H67),2) -> 401466.72 | J67: =I67/$I$105 -> 0.083394353 | L67: =K67=F67 -> FALSE | M67: 9168 | N67: 38.76 | O67: 43.79 | P67: 401466.72 | Q67: 0.060817125 | R67: =M67=F67 -> TRUE | S67: =N67=G67 -> TRUE | T67: =P67=I67 -> TRUE
A68: 4.4 | D68: VICINAL DO BASÍLIO - EXT.: 2,23 KM | I68: =I69+I74 -> 964232.39 | J68: =I68/$I$105 -> 0.2002944 | K68: 6690 | L68: =K68=F68 -> FALSE | P68: 0 | Q68: 0 | R68: =M68=F68 -> TRUE | S68: =N68=G68 -> TRUE
A69: 4.4.1 | D69: LIMPEZA | I69: =SUM(I70:I73) -> 279889.53 | J69: =I69/$I$105 -> 0.058139829 | K69: 1338 | L69: =K69=F69 -> FALSE | P69: 1500008.9 | Q69: 0.22723236 | R69: =M69=F69 -> TRUE | S69: =N69=G69 -> TRUE
A70: 4.4.1.1 | B70: 98525 | C70: SINAPI | D70: LIMPEZA MECANIZADA DE CAMADA VEGETAL, VEGETAÇÃO E PEQUENAS ÁRVORES (DIÂMETRO DE TRONCO MENOR QUE 0,20 M), COM TRATOR DE ESTEIRAS. AF_03/2024 - 2,0 M PARA CADA LADO DA VIA | E70: m² | F70: ='MEMÓRIA DE CÁLCULO'!K106 -> 6690 | G70: 0.66 | H70: =TRUNC(G70*(1+$H$3),2) -> 0.82 | I70: =TRUNC((F70*H70),2) -> 5485.8 | J70: =I70/$I$105 -> 0.0011395334 | K70: 8362.5 | L70: =K70=F70 -> FALSE | M70: 6690 | N70: 0.66 | O70: 0.82 | P70: 5485.8 | Q70: 0.00083102924 | R70: =M70=F70 -> TRUE | S70: =N70=G70 -> TRUE | T70: =P70=I70 -> TRUE
A71: 4.4.1.2 | B71: 100974 | C71: SINAPI | D71: CARGA, MANOBRA E DESCARGA DE SOLOS E MATERIAIS GRANULARES EM CAMINHÃO BASCULANTE 10 M³ - CARGA COM PÁ CARREGADEIRA (CAÇAMBA DE 1,7 A 2,8 M³ / 128 HP) E DESCARGA LIVRE (UNIDADE: M3). AF_07/2020 | E71: m³ | F71: ='MEMÓRIA DE CÁLCULO'!K107 -> 1338 | G71: 9.24 | H71: =TRUNC(G71*(1+$H$3),2) -> 11.51 | I71: =TRUNC((F71*H71),2) -> 15400.38 | J71: =I71/$I$105 -> 0.0031990316 | K71: 17840 | L71: =K71=F71 -> FALSE | M71: 1338 | N71: 9.24 | O71: 11.51 | P71: 15400.38 | Q71: 0.0023329626 | R71: =M71=F71 -> TRUE | S71: =N71=G71 -> TRUE | T71: =P71=I71 -> TRUE
A72: 4.4.1.3 | B72: 93591 | C72: SINAPI | D72: TRANSPORTE COM CAMINHÃO BASCULANTE DE 14 M³, EM VIA URBANA EM LEITO NATURAL (UNIDADE: M3XKM). AF_07/2020 | E72: M3XKM | F72: ='MEMÓRIA DE CÁLCULO'!K109 -> 5017.5 | G72: 2.91 | H72: =TRUNC(G72*(1+$H$3),2) -> 3.62 | I72: =TRUNC((F72*H72),2) -> 18163.35 | J72: =I72/$I$105 -> 0.0037729673 | L72: =K72=F72 -> FALSE | M72: 8362.5 | N72: 2.91 | O72: 3.62 | P72: 30272.25 | Q72: 0.0045858626 | R72: =M72=F72 -> FALSE | S72: =N72=G72 -> TRUE | T72: =P72=I72 -> FALSE
A73: 4.4.1.4 | B73: 105559 | C73: SINAPI | D73: EXECUÇÃO E COMPACTAÇÃO DE CORPO DE ATERRO DE ATERRO (95% DE ENERGIA DO PROCTOR NORMAL) COM SOLO PREDOMINANTEMENTE ARGILOSO, EM CAMADAS COM ESPESSURA DE 20 CM - EXCLUSIVE ESCAVAÇÃO, CARGA E TRANSPORTE E SOLO. AF_09/2024 | E73: m³ | F73: ='MEMÓRIA DE CÁLCULO'!K110 -> 17840 | G73: 10.83 | H73: =TRUNC(G73*(1+$H$3),2) -> 13.5 | I73: =TRUNC((F73*H73),2) -> 240840 | J73: =I73/$I$105 -> 0.050028296 | L73: =K73=F73 -> FALSE | M73: 17840 | N73: 10.83 | O73: 13.5 | P73: 240840 | Q73: 0.036484211 | R73: =M73=F73 -> TRUE | S73: =N73=G73 -> TRUE | T73: =P73=I73 -> TRUE
A74: 4.4.2 | D74: REVESTIMENTO PRIMÁRIO DA VIA | I74: =I75+I85 -> 684342.86 | J74: =I74/$I$105 -> 0.14215457 | K74: 518.02 | L74: =K74=F74 -> FALSE | P74: 0 | Q74: 0 | R74: =M74=F74 -> TRUE | S74: =N74=G74 -> TRUE
A75: 4.4.2.1 | D75: SUB BASE | I75: =SUM(I76:I84) -> 501580.98 | J75: =I75/$I$105 -> 0.10419051 | K75: 518.02 | L75: =K75=F75 -> FALSE | P75: 1208010.5 | Q75: 0.18299829 | R75: =M75=F75 -> TRUE | S75: =N75=G75 -> TRUE
A76: 4.4.2.1.1 | B76: 101124 | C76: SINAPI | D76: ESCAVAÇÃO HORIZONTAL, INCLUINDO CARGA E DESCARGA EM SOLO DE 1A CATEGORIA COM TRATOR DE ESTEIRAS (100HP/LÂMINA: 2,19M3). AF_07/2020 - CORTE DE MATERIAL | E76: m³ | F76: ='MEMÓRIA DE CÁLCULO'!K114 -> 518.02 | G76: 16.09 | H76: =TRUNC(G76*(1+$H$3),2) -> 20.05 | I76: =TRUNC((F76*H76),2) -> 10386.3 | J76: =I76/$I$105 -> 0.0021574859 | K76: 3237.63 | L76: =K76=F76 -> FALSE | M76: 518.02 | N76: 16.09 | O76: 20.05 | P76: 10386.3 | Q76: 0.001573393 | R76: =M76=F76 -> TRUE | S76: =N76=G76 -> TRUE | T76: =P76=I76 -> TRUE
A77: 4.4.2.1.2 | B77: 100975 | C77: SINAPI | D77: CARGA, MANOBRA E DESCARGA DE SOLOS E MATERIAIS GRANULARES EM CAMINHÃO BASCULANTE 14 M³ - CARGA COM PÁ CARREGADEIRA (CAÇAMBA DE 1,7 A 2,8 M³ / 128 HP) E DESCARGA LIVRE (UNIDADE: M3). AF_07/2020 | E77: m³ | F77: =F76 -> 518.02 | G77: 9.25 | H77: =TRUNC(G77*(1+$H$3),2) -> 11.53 | I77: =TRUNC((F77*H77),2) -> 5972.77 | J77: =I77/$I$105 -> 0.0012406889 | K77: 17840 | L77: =K77=F77 -> FALSE | M77: 518.02 | N77: 9.25 | O77: 11.53 | P77: 5972.77 | Q77: 0.00090479903 | R77: =M77=F77 -> TRUE | S77: =N77=G77 -> TRUE | T77: =P77=I77 -> TRUE
A78: 4.4.2.1.3 | B78: 93591 | C78: SINAPI | D78: TRANSPORTE COM CAMINHÃO BASCULANTE DE 14 M³, EM VIA URBANA EM LEITO NATURAL (UNIDADE: M3XKM). AF_07/2020 | E78: M3XKM | F78: ='MEMÓRIA DE CÁLCULO'!K116 -> 1942.575 | G78: 2.91 | H78: =TRUNC(G78*(1+$H$3),2) -> 3.62 | I78: =TRUNC((F78*H78),2) -> 7032.12 | J78: =I78/$I$105 -> 0.0014607415 | K78: 4046.54 | L78: =K78=F78 -> FALSE | M78: 3237.63 | N78: 2.91 | O78: 3.62 | P78: 11720.22 | Q78: 0.0017754649 | R78: =M78=F78 -> FALSE | S78: =N78=G78 -> TRUE | T78: =P78=I78 -> FALSE
A79: 4.4.2.1.4 | B79: 105559 | C79: SINAPI | D79: EXECUÇÃO E COMPACTAÇÃO DE CORPO DE ATERRO DE ATERRO (95% DE ENERGIA DO PROCTOR NORMAL) COM SOLO PREDOMINANTEMENTE ARGILOSO, EM CAMADAS COM ESPESSURA DE 20 CM - EXCLUSIVE ESCAVAÇÃO, CARGA E TRANSPORTE E SOLO. AF_09/2024 | E79: m³ | F79: ='MEMÓRIA DE CÁLCULO'!K117 -> 17840 | G79: 10.83 | H79: =TRUNC(G79*(1+$H$3),2) -> 13.5 | I79: =TRUNC((F79*H79),2) -> 240840 | J79: =I79/$I$105 -> 0.050028296 | K79: 4046.54 | L79: =K79=F79 -> FALSE | M79: 17840 | N79: 10.83 | O79: 13.5 | P79: 240840 | Q79: 0.036484211 | R79: =M79=F79 -> TRUE | S79: =N79=G79 -> TRUE | T79: =P79=I79 -> TRUE
A80: 4.4.2.1.5 | B80: 101124 | C80: SINAPI | D80: ESCAVAÇÃO HORIZONTAL, INCLUINDO CARGA E DESCARGA EM SOLO DE 1A CATEGORIA COM TRATOR DE ESTEIRAS (100HP/LÂMINA: 2,19M3). AF_07/2020 - MATERIAL DE EMPRÉSTIMO DE JAZIDA | E80: m³ | F80: ='MEMÓRIA DE CÁLCULO'!K126 -> 4046.54 | G80: 16.09 | H80: =TRUNC(G80*(1+$H$3),2) -> 20.05 | I80: =TRUNC((F80*H80),2) -> 81133.12 | J80: =I80/$I$105 -> 0.016853312 | K80: 25290.88 | L80: =K80=F80 -> FALSE | M80: 4046.54 | N80: 16.09 | O80: 20.05 | P80: 81133.12 | Q80: 0.01229064 | R80: =M80=F80 -> TRUE | S80: =N80=G80 -> TRUE | T80: =P80=I80 -> TRUE
A81: 4.4.2.1.6 | B81: 100975 | C81: SINAPI | D81: CARGA, MANOBRA E DESCARGA DE SOLOS E MATERIAIS GRANULARES EM CAMINHÃO BASCULANTE 14 M³ - CARGA COM PÁ CARREGADEIRA (CAÇAMBA DE 1,7 A 2,8 M³ / 128 HP) E DESCARGA LIVRE (UNIDADE: M3). AF_07/2020 - MATERIAL DE EMPRÉSTIMO DE JAZIDA | E81: m³ | F81: ='MEMÓRIA DE CÁLCULO'!K127 -> 4046.54 | G81: 9.25 | H81: =TRUNC(G81*(1+$H$3),2) -> 11.53 | I81: =TRUNC((F81*H81),2) -> 46656.6 | J81: =I81/$I$105 -> 0.0096917049 | K81: 4046.54 | L81: =K81=F81 -> TRUE | M81: 4046.54 | N81: 9.25 | O81: 11.53 | P81: 46656.6 | Q81: 0.0070678842 | R81: =M81=F81 -> TRUE | S81: =N81=G81 -> TRUE | T81: =P81=I81 -> TRUE
A82: 4.4.2.1.7 | B82: 93591 | C82: SINAPI | D82: TRANSPORTE COM CAMINHÃO BASCULANTE DE 14 M³, EM VIA URBANA EM LEITO NATURAL (UNIDADE: M3XKM). AF_07/2020 | E82: M3XKM | F82: ='MEMÓRIA DE CÁLCULO'!K129 -> 15174.525 | G82: 2.91 | H82: =TRUNC(G82*(1+$H$3),2) -> 3.62 | I82: =TRUNC((F82*H82),2) -> 54931.78 | J82: =I82/$I$105 -> 0.01141066 | K82: 4046.54 | L82: =K82=F82 -> FALSE | M82: 25290.88 | N82: 2.91 | O82: 3.62 | P82: 91552.98 | Q82: 0.013869117 | R82: =M82=F82 -> FALSE | S82: =N82=G82 -> TRUE | T82: =P82=I82 -> FALSE
A83: 4.4.2.1.8 | B83: 105559 | C83: SINAPI | D83: EXECUÇÃO E COMPACTAÇÃO DE CORPO DE ATERRO DE ATERRO (95% DE ENERGIA DO PROCTOR NORMAL) COM SOLO PREDOMINANTEMENTE ARGILOSO, EM CAMADAS COM ESPESSURA DE 20 CM - EXCLUSIVE ESCAVAÇÃO, CARGA E TRANSPORTE E SOLO. AF_09/2024 | E83: m³ | F83: ='MEMÓRIA DE CÁLCULO'!K130 -> 4046.54 | G83: 10.83 | H83: =TRUNC(G83*(1+$H$3),2) -> 13.5 | I83: =TRUNC((F83*H83),2) -> 54628.29 | J83: =I83/$I$105 -> 0.011347618 | L83: =K83=F83 -> FALSE | M83: 4046.54 | N83: 10.83 | O83: 13.5 | P83: 54628.29 | Q83: 0.0082754943 | R83: =M83=F83 -> TRUE | S83: =N83=G83 -> TRUE | T83: =P83=I83 -> TRUE
A84: 4.4.2.1.9 | B84: 00006079 | C84: SINAPI | D84: ARGILA, ARGILA VERMELHA OU ARGILA ARENOSA (RETIRADA NA JAZIDA, SEM TRANSPORTE) | E84: m³ | G84: 38.76 | H84: =TRUNC(G84*(1+$J$3),2) -> 43.79 | I84: =TRUNC((F84*H84),2) -> 0 | J84: =I84/$I$105 -> 0 | K84: 3568 | L84: =K84=F84 -> FALSE | M84: 4046.54 | N84: 38.76 | O84: 43.79 | P84: 177197.98 | Q84: 0.02684325 | R84: =M84=F84 -> FALSE | S84: =N84=G84 -> TRUE | T84: =P84=I84 -> FALSE
A85: 4.4.2.2 | D85: BASE - ESP.:20 Cm | I85: =SUM(I86:I90) -> 182761.88 | J85: =I85/$I$105 -> 0.037964065 | K85: 3568 | L85: =K85=F85 -> FALSE | P85: 487922.21 | Q85: 0.073914037 | R85: =M85=F85 -> TRUE | S85: =N85=G85 -> TRUE
A86: 4.4.2.2.1 | B86: 101124 | C86: SINAPI | D86: ESCAVAÇÃO HORIZONTAL, INCLUINDO CARGA E DESCARGA EM SOLO DE 1A CATEGORIA COM TRATOR DE ESTEIRAS (100HP/LÂMINA: 2,19M3). AF_07/2020 - MATERIAL DE EMPRÉSTIMO DE JAZIDA | E86: m³ | F86: ='MEMÓRIA DE CÁLCULO'!K133 -> 1784 | G86: 16.09 | H86: =TRUNC(G86*(1+$H$3),2) -> 20.05 | I86: =TRUNC((F86*H86),2) -> 35769.2 | J86: =I86/$I$105 -> 0.0074301284 | K86: 22300 | L86: =K86=F86 -> FALSE | M86: 1784 | N86: 16.09 | O86: 20.05 | P86: 35769.2 | Q86: 0.0054185809 | R86: =M86=F86 -> TRUE | S86: =N86=G86 -> TRUE | T86: =P86=I86 -> TRUE
A87: 4.4.2.2.2 | B87: 100975 | C87: SINAPI | D87: CARGA, MANOBRA E DESCARGA DE SOLOS E MATERIAIS GRANULARES EM CAMINHÃO BASCULANTE 14 M³ - CARGA COM PÁ CARREGADEIRA (CAÇAMBA DE 1,7 A 2,8 M³ / 128 HP) E DESCARGA LIVRE (UNIDADE: M3). AF_07/2020 - MATERIAL DE EMPRÉSTIMO DE JAZIDA | E87: m³ | F87: =F86 -> 1784 | G87: 9.25 | H87: =TRUNC(G87*(1+$H$3),2) -> 11.53 | I87: =TRUNC((F87*H87),2) -> 20569.52 | J87: =I87/$I$105 -> 0.0042727871 | K87: 3568 | L87: =K87=F87 -> FALSE | M87: 1784 | N87: 9.25 | O87: 11.53 | P87: 20569.52 | Q87: 0.0031160219 | R87: =M87=F87 -> TRUE | S87: =N87=G87 -> TRUE | T87: =P87=I87 -> TRUE
A88: 4.4.2.2.3 | B88: 93591 | C88: SINAPI | D88: TRANSPORTE COM CAMINHÃO BASCULANTE DE 14 M³, EM VIA URBANA EM LEITO NATURAL (UNIDADE: M3XKM). AF_07/2020 | E88: M3XKM | F88: ='MEMÓRIA DE CÁLCULO'!K136 -> 6690 | G88: 2.91 | H88: =TRUNC(G88*(1+$H$3),2) -> 3.62 | I88: =TRUNC((F88*H88),2) -> 24217.8 | J88: =I88/$I$105 -> 0.0050306231 | K88: 3568 | L88: =K88=F88 -> FALSE | M88: 11150 | N88: 2.91 | O88: 3.62 | P88: 40363 | Q88: 0.0061144835 | R88: =M88=F88 -> FALSE | S88: =N88=G88 -> TRUE | T88: =P88=I88 -> FALSE
A89: 4.4.2.2.4 | B89: 105559 | C89: SINAPI | D89: EXECUÇÃO E COMPACTAÇÃO DE CORPO DE ATERRO DE ATERRO (95% DE ENERGIA DO PROCTOR NORMAL) COM SOLO PREDOMINANTEMENTE ARGILOSO, EM CAMADAS COM ESPESSURA DE 20 CM - EXCLUSIVE ESCAVAÇÃO, CARGA E TRANSPORTE E SOLO. AF_09/2024 | E89: m³ | F89: ='MEMÓRIA DE CÁLCULO'!K137 -> 1784 | G89: 10.83 | H89: =TRUNC(G89*(1+$H$3),2) -> 13.5 | I89: =TRUNC((F89*H89),2) -> 24084 | J89: =I89/$I$105 -> 0.0050028296 | L89: =K89=F89 -> FALSE | M89: 1784 | N89: 10.83 | O89: 13.5 | P89: 24084 | Q89: 0.0036484211 | R89: =M89=F89 -> TRUE | S89: =N89=G89 -> TRUE | T89: =P89=I89 -> TRUE
A90: 4.4.2.2.5 | B90: 00006079 | C90: SINAPI | D90: ARGILA, ARGILA VERMELHA OU ARGILA ARENOSA (RETIRADA NA JAZIDA, SEM TRANSPORTE) | E90: m³ | F90: =F89 -> 1784 | G90: 38.76 | H90: =TRUNC(G90*(1+$J$3),2) -> 43.79 | I90: =TRUNC((F90*H90),2) -> 78121.36 | J90: =I90/$I$105 -> 0.016227697 | K90: 1392 | L90: =K90=F90 -> FALSE | M90: 1784 | N90: 38.76 | O90: 43.79 | P90: 78121.36 | Q90: 0.011834397 | R90: =M90=F90 -> TRUE | S90: =N90=G90 -> TRUE | T90: =P90=I90 -> TRUE
A91: 5 | D91: DRENAGEM SUPERFICIAL E PROFUNDA | I91: =SUM(I92:I103) -> 339879.79 | J91: =I91/$I$105 -> 0.070601257 | K91: 3402 | L91: =K91=F91 -> FALSE | P91: 289015.13 | Q91: 0.043782133 | R91: =M91=F91 -> TRUE | S91: =N91=G91 -> TRUE | T91: =P91=I91 -> FALSE
A92: 5.1 | B92: 90082 | C92: SINAPI | D92: ESCAVAÇÃO MECANIZADA DE VALA COM PROF. ATÉ 1,5 M (MÉDIA MONTANTE E JUSANTE/UMA COMPOSIÇÃO POR TRECHO), ESCAVADEIRA (0,8 M3), LARG. DE 1,5 M A 2,5 M, EM SOLO DE 1A CATEGORIA, EM LOCAIS COM ALTO NÍVEL DE INTERFERÊNCIA. AF_09/2024 - CANALETAS DE DRENAGEM SUPERFICIAL | E92: m³ | F92: ='MEM. CALCULO DRENAGEM'!C20 -> 3402 | G92: 9.72 | H92: =TRUNC(G92*(1+$H$3),2) -> 12.11 | I92: =TRUNC((F92*H92),2) -> 41198.22 | J92: =I92/$I$105 -> 0.0085578673 | K92: 8700 | L92: =K92=F92 -> FALSE | M92: 3402 | N92: 9.72 | O92: 12.11 | P92: 41198.22 | Q92: 0.0062410087 | R92: =M92=F92 -> TRUE | S92: =N92=G92 -> TRUE | T92: =P92=I92 -> TRUE
A93: 5.2 | B93: 90082 | C93: SINAPI | D93: ESCAVAÇÃO MECANIZADA DE VALA COM PROF. ATÉ 1,5 M (MÉDIA MONTANTE E JUSANTE/UMA COMPOSIÇÃO POR TRECHO), ESCAVADEIRA (0,8 M3), LARG. DE 1,5 M A 2,5 M, EM SOLO DE 1A CATEGORIA, EM LOCAIS COM ALTO NÍVEL DE INTERFERÊNCIA. AF_09/2024 - ESCAVAÇÃO DRENAGEM PROFUNDA | E93: m³ | F93: 1392 | G93: 9.72 | H93: =TRUNC(G93*(1+$H$3),2) -> 12.11 | I93: =TRUNC((F93*H93),2) -> 16857.12 | J93: =I93/$I$105 -> 0.0035016318 | K93: 63.8 | L93: =K93=F93 -> FALSE | M93: 1392 | N93: 9.72 | O93: 12.11 | P93: 16857.12 | Q93: 0.0025536403 | R93: =M93=F93 -> TRUE | S93: =N93=G93 -> TRUE | T93: =P93=I93 -> TRUE
A94: 5.3 | B94: 93591 | C94: SINAPI | D94: TRANSPORTE COM CAMINHÃO BASCULANTE DE 14 M³, EM VIA URBANA EM LEITO NATURAL (UNIDADE: M3XKM). AF_07/2020 | E94: M3XKM | F94: 8700 | G94: 2.91 | H94: =TRUNC(G94*(1+$H$3),2) -> 3.62 | I94: =TRUNC((F94*H94),2) -> 31494 | J94: =I94/$I$105 -> 0.006542066 | K94: 398.75 | L94: =K94=F94 -> FALSE | M94: 8700 | N94: 2.91 | O94: 3.62 | P94: 31494 | Q94: 0.0047709423 | R94: =M94=F94 -> TRUE | S94: =N94=G94 -> TRUE | T94: =P94=I94 -> TRUE
A95: 5.4 | B95: 100323 | C95: SINAPI | D95: LASTRO COM MATERIAL GRANULAR (AREIA MÉDIA), APLICADO EM PISOS OU LAJES SOBRE SOLO, ESPESSURA DE *10 CM*. AF_01/2024 | E95: m³ | F95: 63.8 | G95: 203.04 | H95: =TRUNC(G95*(1+$H$3),2) -> 253.12 | I95: =TRUNC((F95*H95),2) -> 16149.05 | J95: =I95/$I$105 -> 0.0033545485 | K95: 63.8 | L95: =K95=F95 -> TRUE | M95: 63.8 | N95: 203.04 | O95: 253.12 | P95: 16149.05 | Q95: 0.0024463766 | R95: =M95=F95 -> TRUE | S95: =N95=G95 -> TRUE | T95: =P95=I95 -> TRUE
A96: 5.5 | B96: 93591 | C96: SINAPI | D96: TRANSPORTE COM CAMINHÃO BASCULANTE DE 14 M³, EM VIA URBANA EM LEITO NATURAL (UNIDADE: M3XKM). AF_07/2020 | E96: M3XKM | F96: 398.75 | G96: 2.91 | H96: =TRUNC(G96*(1+$H$3),2) -> 3.62 | I96: =TRUNC((F96*H96),2) -> 1443.47 | J96: =I96/$I$105 -> 0.00029984365 | K96: 88 | L96: =K96=F96 -> FALSE | M96: 398.75 | N96: 2.91 | O96: 3.62 | P96: 1443.47 | Q96: 0.00021866743 | R96: =M96=F96 -> TRUE | S96: =N96=G96 -> TRUE | T96: =P96=I96 -> TRUE
A97: 5.6 | B97: 100975 | C97: SINAPI | D97: CARGA, MANOBRA E DESCARGA DE SOLOS E MATERIAIS GRANULARES EM CAMINHÃO BASCULANTE 14 M³ - CARGA COM PÁ CARREGADEIRA (CAÇAMBA DE 1,7 A 2,8 M³ / 128 HP) E DESCARGA LIVRE (UNIDADE: M3). AF_07/2020 | E97: m³ | F97: 63.8 | G97: 9.25 | H97: =TRUNC(G97*(1+$H$3),2) -> 11.53 | I97: =TRUNC((F97*H97),2) -> 735.61 | J97: =I97/$I$105 -> 0.000152804 | K97: 110 | L97: =K97=F97 -> FALSE | M97: 63.8 | N97: 9.25 | O97: 11.53 | P97: 735.61 | Q97: 0.0001114356 | R97: =M97=F97 -> TRUE | S97: =N97=G97 -> TRUE | T97: =P97=I97 -> TRUE
A98: 5.7 | B98: 92212 | C98: SINAPI | D98: TUBO DE CONCRETO PARA REDES COLETORAS DE ÁGUAS PLUVIAIS, DIÂMETRO DE 600 MM, JUNTA RÍGIDA, INSTALADO EM LOCAL COM BAIXO NÍVEL DE INTERFERÊNCIAS - FORNECIMENTO E ASSENTAMENTO. AF_03/2024 | E98: M | F98: 88 | G98: 291.42 | H98: =TRUNC(G98*(1+$H$3),2) -> 363.31 | I98: =TRUNC((F98*H98),2) -> 31971.28 | J98: =I98/$I$105 -> 0.0066412086 | K98: 121 | L98: =K98=F98 -> FALSE | M98: 88 | N98: 291.42 | O98: 363.31 | P98: 31971.28 | Q98: 0.0048432441 | R98: =M98=F98 -> TRUE | S98: =N98=G98 -> TRUE | T98: =P98=I98 -> TRUE
A99: 5.8 | B99: 804383 | C99: SICRO3 | D99: Boca de BSTC D = 0,60 m - esconsidade 45° - areia e brita comerciais - alas esconsas | E99: und | F99: 6 | G99: 1871.88 | H99: =TRUNC(G99*(1+$H$3),2) -> 2333.67 | I99: =TRUNC((F99*H99),2) -> 14002.02 | J99: =I99/$I$105 -> 0.0029085584
A100: 5.9 | B100: 92214 | C100: SINAPI | D100: TUBO DE CONCRETO PARA REDES COLETORAS DE ÁGUAS PLUVIAIS, DIÂMETRO DE 800 MM, JUNTA RÍGIDA, INSTALADO EM LOCAL COM BAIXO NÍVEL DE INTERFERÊNCIAS - FORNECIMENTO E ASSENTAMENTO. AF_03/2024 | E100: M | F100: 110 | G100: 470.37 | H100: =TRUNC(G100*(1+$H$3),2) -> 586.41 | I100: =TRUNC((F100*H100),2) -> 64505.1 | J100: =I100/$I$105 -> 0.01339927 | L100: =K100=F100 -> FALSE | M100: 110 | N100: 470.37 | O100: 586.41 | P100: 64505.1 | Q100: 0.009771706 | R100: =M100=F100 -> TRUE | S100: =N100=G100 -> TRUE | T100: =P100=I100 -> TRUE
A101: 5.10 | B101: 804119 | C101: SICRO3 | D101: Boca de BSTC D = 0,80 m - esconsidade 45° - areia e brita comerciais - alas retas | E101: und | F101: 6 | G101: 1649.29 | H101: =TRUNC(G101*(1+$H$3),2) -> 2056.16 | I101: =TRUNC((F101*H101),2) -> 12336.96 | J101: =I101/$I$105 -> 0.0025626851 | L101: =K101=F101 -> FALSE
A102: 5.11 | B102: 92216 | C102: SINAPI | D102: TUBO DE CONCRETO PARA REDES COLETORAS DE ÁGUAS PLUVIAIS, DIÂMETRO DE 1000 MM, JUNTA RÍGIDA, INSTALADO EM LOCAL COM BAIXO NÍVEL DE INTERFERÊNCIAS - FORNECIMENTO E ASSENTAMENTO. AF_03/2024 | E102: M | F102: 121 | G102: 561.23 | H102: =TRUNC(G102*(1+$H$3),2) -> 699.68 | I102: =TRUNC((F102*H102),2) -> 84661.28 | J102: =I102/$I$105 -> 0.017586197 | L102: =K102=F102 -> FALSE | M102: 121 | N102: 561.23 | O102: 699.68 | P102: 84661.28 | Q102: 0.012825112 | R102: =M102=F102 -> TRUE | S102: =N102=G102 -> TRUE | T102: =P102=I102 -> TRUE
A103: 5.12 | B103: 804399 | C103: SICRO3 | D103: Boca de BSTC D = 1,00 m - esconsidade 45° - areia e brita comerciais - alas esconsas | E103: und | F103: 4 | G103: 4918.12 | H103: =TRUNC(G103*(1+$H$3),2) -> 6131.42 | I103: =TRUNC((F103*H103),2) -> 24525.68 | J103: =I103/$I$105 -> 0.0050945773
...

Sheet CRONOGRAMA FF NÃO DESONERADO
A1: CONVÊNIO | K1: MUNICÍPIO | M1: PRIMAVERA
A2: PROPONENTE | C2: ='PLANILHA DESONERA RESUMO'!C3:E3 -> PREFEITURA MUNICIPAL DE PRIMAVERA | K2: BDI
A3: OBJETO | C3: SERVIÇOS DE REVESTIMENTO PRIMÁRIO NAS VICINAIS | K3: BASE DE DADOS | M3: SINAPI - 04/2025 - Pa / SICRO3 - 01/2025 - Pa SICRO2 - 11/2016 - Pa / SEDOP - 02/2025 - Pa - Com Leis Sociais
A4: ENDEREÇO OBRA | C4: VICINAIS DO MUNICÍPIO DE PRIMAVERA
A6: CRONOGRAMA FÍSICO-FINANCEIRO SEM DESONERAÇÃO
A8: ITEM | B8: DESCRIÇÃO | C8: 1º MÊS | E8: 2º MÊS | G8: 3º MÊS | I8: 4º MÊS | K8: 5º MÊS | M8: 6º MÊS | O8: TOTAL | Q8: ='[2]PANILHA NÃO DESONERADA'!D20 -> VICINAL SÃO JOÃO DA MATA | R8: ='[2]PANILHA NÃO DESONERADA'!D50 -> VICINAL CONCEIÇÃO | S8: ='[2]PANILHA NÃO DESONERADA'!D79 -> VICINAL SANTO ANTÔNIO | T8: ='[2]PANILHA NÃO DESONERADA'!D108 -> VICINAL CAJU | U8: ='[2]PANILHA NÃO DESONERADA'!#REF! -> #REF! | V8: ='[2]PANILHA NÃO DESONERADA'!#REF! -> #REF! | W8: ='[2]PANILHA NÃO DESONERADA'!#REF! -> #REF!
C9: 15 dias | D9: 15 dias | E9: 15 dias | F9: 15 dias | G9: 15 dias | H9: 15 dias | I9: 15 dias | J9: 15 dias | K9: 15 dias | L9: 15 dias | M9: 15 dias | N9: 15 dias
A10: 1 | B10: ='PLANILHA DESONERA RESUMO'!D10 -> SERVIÇOS INICIAIS | C10: =1/6 -> 0.16666667 | E10: =1/6 -> 0.16666667 | G10: =1/6 -> 0.16666667 | I10: =1/6 -> 0.16666667 | K10: =1/6 -> 0.16666667 | M10: =1/6 -> 0.16666667 | O10: ='RESUMO DSONERADO'!E12 -> 54480.11
C12: =C10*$O10 -> 9080.0183 | E12: =E10*$O10 -> 9080.0183 | G12: =G10*$O10 -> 9080.0183 | I12: =I10*$O10 -> 9080.0183 | K12: =K10*$O10 -> 9080.0183 | M12: =M10*$O10 -> 9080.0183 | P12: =SUM(C12:N12) -> 54480.11
A13: 2 | B13: ='PLANILHA DESONERA RESUMO'!D14 -> ADMINISTRAÇÃO | C13: 1 | O13: ='RESUMO DSONERADO'!E13 -> 139567.2
C15: =C13*$O13 -> 139567.2
A16: 3 | B16: ='PLANILHA DESONERA RESUMO'!D17 -> MOBILIZAÇÃO E DESMOBILIZAÇÃO | C16: 1 | O16: ='RESUMO DSONERADO'!E14 -> 9862.2
C18: =C16*$O16 -> 9862.2
A19: 4 | B19: ='PLANILHA DESONERA RESUMO'!D19 -> REVESTIMENTO PRIMÁRIO DAS VICINAIS - EXT.: 17,01 Km | C19: 0.1 | E19: =0.9/5 -> 0.18 | G19: =0.9/5 -> 0.18 | I19: =0.9/5 -> 0.18 | K19: =0.9/5 -> 0.18 | M19: =0.9/5 -> 0.18 | O19: ='RESUMO DSONERADO'!E15 -> 4270286.3 | Q19: =#REF! -> #REF! | R19: =#REF! -> #REF! | S19: =#REF! -> #REF! | T19: =#REF! -> #REF!
C21: =C19*$O19 -> 427028.63 | E21: =E19*$O19 -> 768651.53 | G21: =G19*$O19 -> 768651.53 | I21: =I19*$O19 -> 768651.53 | K21: =K19*$O19 -> 768651.53 | M21: =M19*$O19 -> 768651.53
A22: 5 | B22: ='PLANILHA DESONERA RESUMO'!D91 -> DRENAGEM SUPERFICIAL E PROFUNDA | C22: 0.1 | E22: =0.9/5 -> 0.18 | G22: =0.9/5 -> 0.18 | I22: =0.9/5 -> 0.18 | K22: =0.9/5 -> 0.18 | M22: =0.9/5 -> 0.18 | O22: ='RESUMO DSONERADO'!E16 -> 339879.79 | Q22: =#REF! -> #REF! | R22: =#REF! -> #REF! | S22: =#REF! -> #REF! | T22: =#REF! -> #REF!
C24: =C22*$O22 -> 33987.979 | E24: =E22*$O22 -> 61178.362 | G24: =G22*$O22 -> 61178.362 | I24: =I22*$O22 -> 61178.362 | K24: =K22*$O22 -> 61178.362 | M24: =M22*$O22 -> 61178.362
A25: TOTAL DO GERAL (R$) | O25: =SUM(O10:O24) -> 4814075.6 | Q25: =SUM(Q10:Q24) -> #REF! | R25: =SUM(R10:R24) -> #REF! | S25: =SUM(S10:S24) -> #REF! | T25: =SUM(T10:T24) -> #REF!
A26: TOTAL DO MÊS (R$) | C26: =SUM(C12,C15,C18,C24,C21) -> 619526.03 | E26: =SUM(E12,E15,E18,E24,E21) -> 838909.91 | G26: =SUM(G12,G15,G18,G24,G21) -> 838909.91 | I26: =SUM(I12,I15,I18,I24,I21) -> 838909.91 | K26: =SUM(K12,K15,K18,K24,K21) -> 838909.91 | M26: =SUM(M12,M15,M18,M24,M21) -> 838909.91 | O26: =SUM(C26:N26) -> 4814075.6
A27: TOTAL (%) | C27: =C26/$O$26 -> 0.12869055 | E27: =E26/$O$26 -> 0.17426189 | G27: =G26/$O$26 -> 0.17426189 | I27: =I26/$O$26 -> 0.17426189 | K27: =K26/$O$26 -> 0.17426189 | M27: =M26/$O$26 -> 0.17426189
A28: ACUMULADO NO MÊS (R$) | C28: =C26 -> 619526.03 | E28: =C28+E26 -> 1458435.9 | G28: =E28+G26 -> 2297345.9 | I28: =I26+G28 -> 3136255.8 | K28: =I28+K26 -> 3975165.7 | M28: =K28+M26 -> 4814075.6
A29: ACUMULADO (%) | C29: =C27 -> 0.12869055 | E29: =C29+E27 -> 0.30295244 | G29: =E29+G27 -> 0.47721433 | I29: =G29+I27 -> 0.65147622 | K29: =I29+K27 -> 0.82573811 | M29: =K29+M27 -> 1
A34: MAYCON LEONAN DA SILVA MATOS ENGENHEIRO CIVIL CREA/PA: 1518018386PA

Sheet BDI
A1: COMPOSIÇÃO ANALÍTICA DA TAXA DE BENEFÍCIO E DESPESAS INDIRETAS (BDI)
A2: DESONERADO
A3: ='[3]PANILHA NÃO DESONERADA'!A3 -> PROPONENTE | C3: ='PLANILHA DESONERA RESUMO'!C3:E3 -> PREFEITURA MUNICIPAL DE PRIMAVERA | F3: MUNICÍPIO/UF | G3: PRIMAVERA - PARÁ
A4: ='[3]PANILHA NÃO DESONERADA'!A4 -> OBJETO | C4: SERVIÇOS DE REVESTIMENTO PRIMÁRIO NAS VICINAIS
A5: ='[3]PANILHA NÃO DESONERADA'!A5 -> ENDEREÇO OBRA | C5: ='PLANILHA DESONERA RESUMO'!C5:E6 -> VICINAIS DO MUNICÍPIO DE PRIMAVERA
A6: BDI (%) | C6: =I24 -> 0.2467
A7: RESP. TÉCNICO | C7: ='[3]PANILHA NÃO DESONERADA'!C6 -> 0 | F7: REGISTRO | G7: ='[3]PANILHA NÃO DESONERADA'!H6 -> 0
A9: Item | B9: Parcela do BDI
A10: 1 | B10: AC = Taxa de Administração Central | I10: 0.0401
A11: 2 | B11: S e G = Taxas de Seguro e Garantia | I11: 0.004
A12: 3 | B12: R = Taxa de Risco | I12: 0.0056
A13: 4 | B13: DF = Taxa de Despesas Financeiras | I13: 0.0111
A14: 5 | B14: L = Taxa de Lucro / Remuneração | I14: 0.073
A15: 6 | B15: I = Taxa de incidência de Impostos (PIS, COFINS e ISS) | I15: =I22 -> 0.0865
A17: Item | B17: Impostos
A18: 6.1 | B18: ISS | I18: 0.05
A19: 6.2 | B19: PIS | I19: 0.0065
A20: 6.3 | B20: COFINS | I20: 0.03
A21: 6.4 | B21: CPRB | I21: 0
A22: Total Impostos = | I22: =SUM(I18:I21) -> 0.0865
A23: Fórmula para o cálculo de BDI
I24: =ROUND((((1+I10+I11+I12)*(1+I13)*(1+I14))/(1-I15))-1,4) -> 0.2467
A26: Notas:
A27: 1) Alíquota de ISS é determinada pela “Relação de Serviços” do município onde se prestará o serviço.
A28: 2) Alíquota máxima de PIS é de até 1,65% conforme Lei nº10.637/02 em consonância com o Regime de Tributação da Empresa.
A29: 3) Alíquota máxima de COFINS é de 3% conforme inciso XX do art. 10 da Lei nº10.833/03.
A30: 4) Os percentuais dos itens que compõem analiticamente o BDI são so limites referenciais máximos adotados pela Administração consoante com o art.40 inciso X da Lei 8.666/93.
A31: 5) Antes da aplicação do BDI (Teto Empresa de Lucros Real ) os insumos constantes do art.3º da Lei nº10.637/02 deverão sofrer redução de 1,65%, após 31/12/2008, reduzir também do insumo o percentual de 7,6% da COFINS conforme art. 3º da Lei nº10.833/03 combinado com o inciso XX do art.10 da mesma Lei.
C38: MAYCON LEONAN DA SILVA MATOS ENGENHEIRO CIVIL CREA/PA: 1518018386PA

Sheet BDI DIFER.
A1: COMPOSIÇÃO ANALÍTICA DA TAXA DE BENEFÍCIO E DESPESAS INDIRETAS (BDI)
A2: NÃO DESONERADO
A3: ='[3]PANILHA NÃO DESONERADA'!A3 -> PROPONENTE | C3: ='PLANILHA DESONERA RESUMO'!C3:E3 -> PREFEITURA MUNICIPAL DE PRIMAVERA | F3: MUNICÍPIO/UF | G3: PRIMAVERA - PARÁ
A4: ='[3]PANILHA NÃO DESONERADA'!A4 -> OBJETO | C4: =BDI!C4 -> SERVIÇOS DE REVESTIMENTO PRIMÁRIO NAS VICINAIS
A5: ='[3]PANILHA NÃO DESONERADA'!A5 -> ENDEREÇO OBRA | C5: ='PLANILHA DESONERA RESUMO'!C5:E6 -> VICINAIS DO MUNICÍPIO DE PRIMAVERA
A6: BDI (%) | C6: =I24 -> 0.13
A7: RESP. TÉCNICO | C7: ='[3]PANILHA NÃO DESONERADA'!C6 -> 0 | F7: REGISTRO | G7: ='[3]PANILHA NÃO DESONERADA'!H6 -> 0
A9: Item | B9: Parcela do BDI
A10: 1 | B10: AC = Taxa de Administração Central | I10: 0.0345
A11: 2 | B11: S e G = Taxas de Seguro e Garantia | I11: 0.003
A12: 3 | B12: R = Taxa de Risco | I12: 0.0056
A13: 4 | B13: DF = Taxa de Despesas Financeiras | I13: 0.0085
A14: 5 | B14: L = Taxa de Lucro / Remuneração | I14: 0.035
A15: 6 | B15: I = Taxa de incidência de Impostos (PIS, COFINS e ISS) | I15: =I22 -> 0.0365
A17: Item | B17: Impostos
A18: 6.1 | B18: ISS | I18: 0
A19: 6.2 | B19: PIS | I19: 0.0065
A20: 6.3 | B20: COFINS | I20: 0.03
A21: 6.4 | B21: CPRB | I21: 0
A22: Total Impostos = | I22: =SUM(I18:I21) -> 0.0365
A23: Fórmula para o cálculo de BDI
I24: =ROUND((((1+I10+I11+I12)*(1+I13)*(1+I14))/(1-I15))-1,4) -> 0.13
A26: Notas:
A27: 1) Alíquota de ISS é determinada pela “Relação de Serviços” do município onde se prestará o serviço.
A28: 2) Alíquota máxima de PIS é de até 1,65% conforme Lei nº10.637/02 em consonância com o Regime de Tributação da Empresa.
A29: 3) Alíquota máxima de COFINS é de 3% conforme inciso XX do art. 10 da Lei nº10.833/03.
A30: 4) Os percentuais dos itens que compõem analiticamente o BDI são so limites referenciais máximos adotados pela Administração consoante com o art.40 inciso X da Lei 8.666/93.
A31: 5) Antes da aplicação do BDI (Teto Empresa de Lucros Real ) os insumos constantes do art.3º da Lei nº10.637/02 deverão sofrer redução de 1,65%, após 31/12/2008, reduzir também do insumo o percentual de 7,6% da COFINS conforme art. 3º da Lei nº10.833/03 combinado com o inciso XX do art.10 da mesma Lei.
C37: MAYCON LEONAN DA SILVA MATOS ENGENHEIRO CIVIL CREA/PA: 1518018386PA

Sheet COMPOSIÇÕES ANALÍTICAS
C2: Composições Analíticas com Preço Unitário | E2: Bancos | G2: B.D.I. | I2: Encargos Sociais
C3: SERVIÇOS DE REVESTIMENTO PRIMÁRIO NAS VICINAIS | E3: SINAPI - 04/2025 - Pará SICRO3 - 01/2025 - Pará SICRO2 - 11/2016 - Pará SEDOP - 02/2025 - Pará | G3: =BDI!I24 -> 0.2467 | I3: Desonerado: embutido nos preços unitário dos insumos de mão de obra, de acordo com as bases.
A4: Composições Analíticas com Preço Unitário
A5: Composições Principais
F7: Total sem BDI | H7: 6792153.9
F8: Total do BDI | H8: 0
F9: Total Geral | H9: 6792153.9
A13: Composições Principais
A14: 1.1 | B14: Código | C14: Banco | D14: Descrição | E14: Tipo | G14: Und | H14: Quant. | I14: Valor Unit | J14: Total
A15: Composição | B15: 010000 | C15: SEDOP | D15: Licenças e taxas da obra (acima de 500m2) | E15: 0 | G15: cj | H15: 1 | I15: 14713.3 | J15: 14713.3
A16: Insumo | B16: D00342 | C16: SEDOP | D16: Taxas da PMB (I) | E16: Taxas | G16: CJ | H16: 1 | I16: 11488.13 | J16: 11488.13
A17: Insumo | B17: D00343 | C17: SEDOP | D17: Taxa de Incêndio | E17: Taxas | G17: un | H17: 1 | I17: 1321.15 | J17: 1321.15
A18: Insumo | B18: D00321 | C18: SEDOP | D18: Ligação provisoria - agua/esgoto | E18: Taxas | G18: un | H18: 1 | I18: 528.96 | J18: 528.96
A19: Insumo | B19: D00323 | C19: SEDOP | D19: Taxa do CREA (I) | E19: Taxas | G19: un | H19: 1 | I19: 1124.49 | J19: 1124.49
A20: Insumo | B20: D00322 | C20: SEDOP | D20: Ligação provisória - luz | E20: Taxas | G20: un | H20: 1 | I20: 250.57 | J20: 250.57
E21: MO sem LS => | F21: 0 | G21: LS => | H21: 0 | I21: MO com LS => | J21: 0
E22: Valor do BDI => | F22: 3629.77 | H22: Valor com BDI => | J22: 18343.07
A24: 1.2 | B24: Código | C24: Banco | D24: Descrição | E24: Tipo | G24: Und | H24: Quant. | I24: Valor Unit | J24: Total
A25: Composição | B25: 74210/001 | C25: SINAPI | D25: BARRACAO PARA DEPOSITO EM TABUAS DE MADEIRA, COBERTURA EM FIBROCIMENTO 4 MM, INCLUSO PISO ARGAMASSA TRAÇO 1:6 (CIMENTO E AREIA) | E25: CANT - CANTEIRO DE OBRAS | G25: m² | H25: 1 | I25: 671.84 | J25: 671.84
A26: Composição Auxiliar | B26: 88262 | C26: SINAPI | D26: CARPINTEIRO DE FORMAS COM ENCARGOS COMPLEMENTARES | E26: Livro SINAPI: Cálculos e Parâmetros | G26: H | H26: 6 | I26: 28.12 | J26: 168.72
A27: Composição Auxiliar | B27: 88309 | C27: SINAPI | D27: PEDREIRO COM ENCARGOS COMPLEMENTARES | E27: Livro SINAPI: Cálculos e Parâmetros | G27: H | H27: 0.8 | I27: 28.51 | J27: 22.8
A28: Composição Auxiliar | B28: 88316 | C28: SINAPI | D28: SERVENTE COM ENCARGOS COMPLEMENTARES | E28: Livro SINAPI: Cálculos e Parâmetros | G28: H | H28: 8 | I28: 23.48 | J28: 187.84
A29: Composição Auxiliar | B29: 73965/010 | C29: SINAPI | D29: ESCAVACAO MANUAL DE VALA EM MATERIAL DE 1A CATEGORIA ATE 1,5M EXCLUINDO ESGOTAMENTO / ESCORAMENTO | E29: MOVT - MOVIMENTO DE TERRA | G29: m³ | H29: 0.06 | I29: 82.18 | J29: 4.93
A30: Insumo | B30: 00000367 | C30: SINAPI | D30: AREIA GROSSA - POSTO JAZIDA/FORNECEDOR (RETIRADO NA JAZIDA, SEM TRANSPORTE) | E30: Material | G30: m³ | H30: 0.02 | I30: 121.56 | J30: 2.43
A31: Insumo | B31: 00001379 | C31: SINAPI | D31: CIMENTO PORTLAND COMPOSTO CP II-32 | E31: Material | G31: KG | H31: 3.62 | I31: 1.16 | J31: 4.19
A32: Insumo | B32: 00002418 | C32: SINAPI | D32: DOBRADICA EM ACO/FERRO, 3" X 2 1/2", E= 1,2 A 1,8 MM, SEM ANEL, CROMADO OU ZINCADO, TAMPA BOLA, COM PARAFUSOS | E32: Material | G32: UN | H32: 0.33 | I32: 13.32 | J32: 4.39
A33: Insumo | B33: 00002745 | C33: SINAPI | D33: PONTALETE ROLICO SEM TRATAMENTO, D = 8 A 11 CM, H = 3 M, EM EUCALIPTO OU EQUIVALENTE DA REGIAO - BRUTA (PARA ESCORAMENTO) | E33: Material | G33: M | H33: 4.5 | I33: 3.64 | J33: 16.38
A34: Insumo | B34: 00004408 | C34: SINAPI | D34: RIPA NAO APARELHADA, *1,5 X 5* CM, EM MACARANDUBA/MASSARANDUBA, ANGELIM OU EQUIVALENTE DA REGIAO - BRUTA | E34: Material | G34: M | H34: 5 | I34: 2.28 | J34: 11.4
A35: Insumo | B35: 00005061 | C35: SINAPI | D35: PREGO DE ACO POLIDO COM CABECA 18 X 27 (2 1/2 X 10) | E35: Material | G35: KG | H35: 0.5 | I35: 17.5 | J35: 8.75
A36: Insumo | B36: 00006189 | C36: SINAPI | D36: TABUA NAO APARELHADA *2,5 X 30* CM, EM MACARANDUBA/MASSARANDUBA, ANGELIM OU EQUIVALENTE DA REGIAO - BRUTA | E36: Material | G36: M | H36: 8 | I36: 24.75 | J36: 198
... A38: Insumo | B38: 00011467 | C38: SINAPI | D38: FECHADURA DE SOBREPOR TIPO CAIXAO, EM FERRO COM ACABAMENTO RESINADO, SEM MACANETA, SEM CILINDRO, INCLUINDO CHAVE TIPO SIMPLES | E38: Material | G38: UN | H38: 0.11 | I38: 20.54 | J38: 2.25
E39: MO sem LS => | F39: 238.65 | G39: LS => | H39: 0 | I39: MO com LS => | J39: 238.65
E40: Valor do BDI => | F40: 165.74 | H40: Valor com BDI => | J40: 837.58
A42: 1.2.1 | B42: Código | C42: Banco | D42: Descrição | E42: Tipo | G42: Und | H42: Quant. | I42: Valor Unit | J42: Total
A43: Composição | B43: 90778 | C43: SINAPI | D43: ENGENHEIRO CIVIL DE OBRA PLENO COM ENCARGOS COMPLEMENTARES | E43: Livro SINAPI: Cálculos e Parâmetros | G43: H | H43: 1 | I43: 124.1 | J43: 124.1
A44: Composição Auxiliar | B44: 95403 | C44: SINAPI | D44: CURSO DE CAPACITAÇÃO PARA ENGENHEIRO CIVIL DE OBRA PLENO (ENCARGOS COMPLEMENTARES) - HORISTA | E44: Livro SINAPI: Cálculos e Parâmetros | G44: H | H44: 1 | I44: 1.77 | J44: 1.77
A45: Insumo | B45: 00002707 | C45: SINAPI | D45: ENGENHEIRO CIVIL DE OBRA PLENO (HORISTA) | E45: Mão de Obra | G45: H | H45: 1 | I45: 120.04 | J45: 120.04
A46: Insumo | B46: 00037372 | C46: SINAPI | D46: EXAMES - HORISTA (COLETADO CAIXA - ENCARGOS COMPLEMENTARES) | E46: Material | G46: H | H46: 1 | I46: 1.43 | J46: 1.43
A47: Insumo | B47: 00037373 | C47: SINAPI | D47: SEGURO - HORISTA (COLETADO CAIXA - ENCARGOS COMPLEMENTARES) | E47: Material | G47: H | H47: 1 | I47: 0.08 | J47: 0.08
A48: Insumo | B48: 00043462 | C48: SINAPI | D48: FERRAMENTAS - FAMILIA ENGENHEIRO CIVIL - HORISTA (ENCARGOS COMPLEMENTARES - COLETADO CAIXA) | E48: Material | G48: H | H48: 1 | I48: 0.01 | J48: 0.01
A49: Insumo | B49: 00043486 | C49: SINAPI | D49: EPI - FAMILIA ENGENHEIRO CIVIL - HORISTA (ENCARGOS COMPLEMENTARES - COLETADO CAIXA) | E49: Material | G49: H | H49: 1 | I49: 0.77 | J49: 0.77
E50: MO sem LS => | F50: 121.81 | G50: LS => | H50: 0 | I50: MO com LS => | J50: 121.81
E51: Valor do BDI => | F51: 30.61 | H51: Valor com BDI => | J51: 154.71
A53: 1.2.1 | B53: Código | C53: Banco | D53: Descrição | E53: Tipo | G53: Und | H53: Quant. | I53: Valor Unit | J53: Total
A54: Composição | B54: 90776 | C54: SINAPI | D54: ENCARREGADO GERAL COM ENCARGOS COMPLEMENTARES | E54: Livro SINAPI: Cálculos e Parâmetros | G54: H | H54: 1 | I54: 23.55 | J54: 23.55
A55: Composição Auxiliar | B55: 95401 | C55: SINAPI | D55: CURSO DE CAPACITAÇÃO PARA ENCARREGADO GERAL (ENCARGOS COMPLEMENTARES) - HORISTA | E55: Livro SINAPI: Cálculos e Parâmetros | G55: H | H55: 1 | I55: 0.42 | J55: 0.42
A56: Insumo | B56: 00004083 | C56: SINAPI | D56: ENCARREGADO GERAL DE OBRAS (HORISTA) | E56: Mão de Obra | G56: H | H56: 1 | I56: 20.26 | J56: 20.26
A57: Insumo | B57: 00037372 | C57: SINAPI | D57: EXAMES - HORISTA (COLETADO CAIXA - ENCARGOS COMPLEMENTARES) | E57: Material | G57: H | H57: 1 | I57: 1.43 | J57: 1.43
A58: Insumo | B58: 00037373 | C58: SINAPI | D58: SEGURO - HORISTA (COLETADO CAIXA - ENCARGOS COMPLEMENTARES) | E58: Material | G58: H | H58: 1 | I58: 0.08 | J58: 0.08
A59: Insumo | B59: 00043463 | C59: SINAPI | D59: FERRAMENTAS - FAMILIA ENCARREGADO GERAL - HORISTA (ENCARGOS COMPLEMENTARES - COLETADO CAIXA) | E59: Material | G59: H | H59: 1 | I59: 0.08 | J59: 0.08
A60: Insumo | B60: 00043487 | C60: SINAPI | D60: EPI - FAMILIA ENCARREGADO GERAL - HORISTA (ENCARGOS COMPLEMENTARES - COLETADO CAIXA) | E60: Material | G60: H | H60: 1 | I60: 1.28 | J60: 1.28
E61: MO sem LS => | F61: 20.68 | G61: LS => | H61: 0 | I61: MO com LS => | J61: 20.68
E62: Valor do BDI => | F62: 5.8 | H62: Valor com BDI => | J62: 29.35
A64: 1.2.2.1 | B64: Código | C64: Banco | D64: Descrição | E64: Tipo | G64: Und | H64: Quant. | I64: Valor Unit | J64: Total
A65: Composição | B65: Comp_002 | C65: Próprio | D65: MOBILIZAÇÃO EQUIPAMENTOS OBRA DE TERRAPLENAGEM | E65: PAVI - PAVIMENTAÇÃO | G65: UND | H65: 1 | I65: 3955.33 | J65: 3955.33
A66: Composição Auxiliar | B66: 5849 | C66: SINAPI | D66: TRATOR DE ESTEIRAS, POTÊNCIA 170 HP, PESO OPERACIONAL 19 T, CAÇAMBA 5,2 M3 - CHI DIURNO. AF_06/2014 | E66: Custos Horários Produtivo e Improdutivo dos Equipamentos | G66: CHI | H66: 1 | I66: 89.4 | J66: 89.4
A67: Composição Auxiliar | B67: 5942 | C67: SINAPI | D67: PÁ CARREGADEIRA SOBRE RODAS, POTÊNCIA LÍQUIDA 128 HP, CAPACIDADE DA CAÇAMBA 1,7 A 2,8 M3, PESO OPERACIONAL 11632 KG - CHI DIURNO. AF_06/2014 | E67: Custos Horários Produtivo e Improdutivo dos Equipamentos | G67: CHI | H67: 1 | I67: 86.79 | J67: 86.79
A68: Composição Auxiliar | B68: 5934 | C68: SINAPI | D68: MOTONIVELADORA POTÊNCIA BÁSICA LÍQUIDA (PRIMEIRA MARCHA) 125 HP, PESO BRUTO 13032 KG, LARGURA DA LÂMINA DE 3,7 M - CHI DIURNO. AF_06/2014 | E68: Custos Horários Produtivo e Improdutivo dos Equipamentos | G68: CHI | H68: 1 | I68: 106.39 | J68: 106.39
A69: Composição Auxiliar | B69: 93244 | C69: SINAPI | D69: ROLO COMPACTADOR VIBRATÓRIO PÉ DE CARNEIRO PARA SOLOS, POTÊNCIA 80 HP, PESO OPERACIONAL SEM/COM LASTRO 7,4 / 8,8 T, LARGURA DE TRABALHO 1,68 M - CHI DIURNO. AF_02/2016 | E69: Custos Horários Produtivo e Improdutivo dos Equipamentos | G69: CHI | H69: 1 | I69: 68.88 | J69: 68.88
A70: Composição Auxiliar | B70: 6880 | C70: SINAPI | D70: ROLO COMPACTADOR DE PNEUS ESTÁTICO, PRESSÃO VARIÁVEL, POTÊNCIA 111 HP, PESO SEM/COM LASTRO 9,5 / 26 T, LARGURA DE TRABALHO 1,90 M - CHI DIURNO. AF_07/2014 | E70: Custos Horários Produtivo e Improdutivo dos Equipamentos | G70: CHI | H70: 1 | I70: 90.09 | J70: 90.09
A71: Composição Auxiliar | B71: 5681 | C71: SINAPI | D71: RETROESCAVADEIRA SOBRE RODAS COM CARREGADEIRA, TRAÇÃO 4X2, POTÊNCIA LÍQ. 79 HP, CAÇAMBA CARREG. CAP. MÍN. 1 M3, CAÇAMBA RETRO CAP. 0,20 M3, PESO OPERACIONAL MÍN. 6.570 KG, PROFUNDIDADE ESCAVAÇÃO MÁX. 4,37 M - CHI DIURNO. AF_06/2014 | E71: Custos Horários Produtivo e Improdutivo dos Equipamentos | G71: CHI | H71: 1 | I71: 61.11 | J71: 61.11
A72: Composição Auxiliar | B72: 89876 | C72: SINAPI | D72: CAMINHÃO BASCULANTE 14 M3, COM CAVALO MECÂNICO DE CAPACIDADE MÁXIMA DE TRAÇÃO COMBINADO DE 36000 KG, POTÊNCIA 286 CV, INCLUSIVE SEMIREBOQUE COM CAÇAMBA METÁLICA - CHP DIURNO. AF_12/2014 | E72: Custos Horários Produtivo e Improdutivo dos Equipamentos | G72: CHP | H72: 1 | I72: 351.11 | J72: 351.11
A73: Composição Auxiliar | B73: 5901 | C73: SINAPI | D73: CAMINHÃO PIPA 10.000 L TRUCADO, PESO BRUTO TOTAL 23.000 KG, CARGA ÚTIL MÁXIMA 15.935 KG, DISTÂNCIA ENTRE EIXOS 4,8 M, POTÊNCIA 230 CV, INCLUSIVE TANQUE DE AÇO PARA TRANSPORTE DE ÁGUA - CHP DIURNO. AF_06/2014 | E73: Custos Horários Produtivo e Improdutivo dos Equipamentos | G73: CHP | H73: 1 | I73: 341.13 | J73: 341.13
A74: Composição Auxiliar | B74: 73467 | C74: SINAPI | D74: CAMINHÃO TOCO, PBT 14.300 KG, CARGA ÚTIL MÁX. 9.710 KG, DIST. ENTRE EIXOS 3,56 M, POTÊNCIA 185 CV, INCLUSIVE CARROCERIA FIXA ABERTA DE MADEIRA P/ TRANSPORTE GERAL DE CARGA SECA, DIMEN. APROX. 2,50 X 6,50 X 0,50 M - CHP DIURNO. AF_06/2014 | E74: Custos Horários Produtivo e Improdutivo dos Equipamentos | G74: CHP | H74: 1 | I74: 267.06 | J74: 267.06
A75: Insumo | B75: E9666 | C75: SICRO3 | D75: Cavalo mecânico com semirreboque com capacidade de 30 t - 265 kW | E75: Equipamento | G75: H | H75: 6 | I75: 415.5631 | J75: 2493.37
E76: MO sem LS => | F76: 175.87 | G76: LS => | H76: 0 | I76: MO com LS => | J76: 175.87
E77: Valor do BDI => | F77: 975.77 | H77: Valor com BDI => | J77: 4931.1
A79: 1.2.3.3.1 | B79: Código | C79: Banco | D79: Descrição | E79: Tipo | G79: Und | H79: Quant. | I79: Valor Unit | J79: Total
A80: Composição | B80: 99064 | C80: SINAPI | D80: LOCAÇÃO DE PAVIMENTAÇÃO. AF_10/2018 | E80: SERT - SERVIÇOS TÉCNICOS | G80: M | H80: 1 | I80: 0.42 | J80: 0.42
A81: Composição Auxiliar | B81: 99058 | C81: SINAPI | D81: LOCAÇÃO DE PONTO PARA REFERÊNCIA TOPOGRÁFICA. AF_10/2018 | E81: SERT - SERVIÇOS TÉCNICOS | G81: UN | H81: 0.05 | I81: 8.51 | J81: 0.42
E82: MO sem LS => | F82: 0.32 | G82: LS => | H82: 0 | I82: MO com LS => | J82: 0.32
E83: Valor do BDI => | F83: 0.1 | H83: Valor com BDI => | J83: 0.52
A85: 1.2.3.3.3.1 | B85: Código | C85: Banco | D85: Descrição | E85: Tipo | G85: Und | H85: Quant. | I85: Valor Unit | J85: Total
A86: Composição | B86: 98525 | C86: SINAPI | D86: LIMPEZA MECANIZADA DE CAMADA VEGETAL, VEGETAÇÃO E PEQUENAS ÁRVORES (DIÂMETRO DE TRONCO MENOR QUE 0,20 M), COM TRATOR DE ESTEIRAS. AF_03/2024 - 2,0 M PARA CADA LADO DA VIA | E86: Supressão Vegetal | G86: m² | H86: 1 | I86: 0.66 | J86: 0.66
A87: Composição Auxiliar | B87: 88441 | C87: SINAPI | D87: JARDINEIRO COM ENCARGOS COMPLEMENTARES | E87: Livro SINAPI: Cálculos e Parâmetros | G87: H | H87: 0.0046 | I87: 24.53 | J87: 0.11
A88: Composição Auxiliar | B88: 89031 | C88: SINAPI | D88: TRATOR DE ESTEIRAS, POTÊNCIA 100 HP, PESO OPERACIONAL 9,4 T, COM LÂMINA 2,19 M3 - CHI DIURNO. AF_06/2014 | E88: Custos Horários Produtivo e Improdutivo dos Equipamentos | G88: CHI | H88: 0.0029 | I88: 75.54 | J88: 0.21
A89: Composição Auxiliar | B89: 89032 | C89: SINAPI | D89: TRATOR DE ESTEIRAS, POTÊNCIA 100 HP, PESO OPERACIONAL 9,4 T, COM LÂMINA 2,19 M3 - CHP DIURNO. AF_06/2014 | E89: Custos Horários Produtivo e Improdutivo dos Equipamentos | G89: CHP | H89: 0.0017 | I89: 204.57 | J89: 0.34
E90: MO sem LS => | F90: 0.14 | G90: LS => | H90: 0 | I90: MO com LS => | J90: 0.14
E91: Valor do BDI => | F91: 0.16 | H91: Valor com BDI => | J91: 0.82
A93: 1.2.3.3.3.2 | B93: Código | C93: Banco | D93: Descrição | E93: Tipo | G93: Und | H93: Quant. | I93: Valor Unit | J93: Total
A94: Composição | B94: 100975 | C94: SINAPI | D94: CARGA, MANOBRA E DESCARGA DE SOLOS E MATERIAIS GRANULARES EM CAMINHÃO BASCULANTE 14 M³ - CARGA COM PÁ CARREGADEIRA (CAÇAMBA DE 1,7 A 2,8 M³ / 128 HP) E DESCARGA LIVRE (UNIDADE: M3). AF_07/2020 | E94: Transporte, Carga e Descarga de Materiais | G94: m³ | H94: 1 | I94: 9.25 | J94: 9.25
A95: Composição Auxiliar | B95: 5940 | C95: SINAPI | D95: PÁ CARREGADEIRA SOBRE RODAS, POTÊNCIA LÍQUIDA 128 HP, CAPACIDADE DA CAÇAMBA 1,7 A 2,8 M3, PESO OPERACIONAL 11632 KG - CHP DIURNO. AF_06/2014 | E95: Custos Horários Produtivo e Improdutivo dos Equipamentos | G95: CHP | H95: 0.0083 | I95: 196.39 | J95: 1.63
A96: Composição Auxiliar | B96: 5942 | C96: SINAPI | D96: PÁ CARREGADEIRA SOBRE RODAS, POTÊNCIA LÍQUIDA 128 HP, CAPACIDADE DA CAÇAMBA 1,7 A 2,8 M3, PESO OPERACIONAL 11632 KG - CHI DIURNO. AF_06/2014 | E96: Custos Horários Produtivo e Improdutivo dos Equipamentos | G96: CHI | H96: 0.0085 | I96: 86.79 | J96: 0.73
A97: Composição Auxiliar | B97: 89876 | C97: SINAPI | D97: CAMINHÃO BASCULANTE 14 M3, COM CAVALO MECÂNICO DE CAPACIDADE MÁXIMA DE TRAÇÃO COMBINADO DE 36000 KG, POTÊNCIA 286 CV, INCLUSIVE SEMIREBOQUE COM CAÇAMBA METÁLICA - CHP DIURNO. AF_12/2014 | E97: Custos Horários Produtivo e Improdutivo dos Equipamentos | G97: CHP | H97: 0.0169 | I97: 351.11 | J97: 5.93
A98: Composição Auxiliar | B98: 89877 | C98: SINAPI | D98: CAMINHÃO BASCULANTE 14 M3, COM CAVALO MECÂNICO DE CAPACIDADE MÁXIMA DE TRAÇÃO COMBINADO DE 36000 KG, POTÊNCIA 286 CV, INCLUSIVE SEMIREBOQUE COM CAÇAMBA METÁLICA - CHI DIURNO. AF_12/2014 | E98: Custos Horários Produtivo e Improdutivo dos Equipamentos | G98: CHI | H98: 0.011 | I98: 87.53 | J98: 0.96
E99: MO sem LS => | F99: 0.84 | G99: LS => | H99: 0 | I99: MO com LS => | J99: 0.84
E100: Valor do BDI => | F100: 2.28 | H100: Valor com BDI => | J100: 11.53
A102: 1.2.3.3.3.3 | B102: Código | C102: Banco | D102: Descrição | E102: Tipo | G102: Und | H102: Quant. | I102: Valor Unit | J102: Total
A103: Composição | B103: 93591 | C103: SINAPI | D103: TRANSPORTE COM CAMINHÃO BASCULANTE DE 14 M³, EM VIA URBANA EM LEITO NATURAL (UNIDADE: M3XKM). AF_07/2020 | E103: Transporte, Carga e Descarga de Materiais | G103: M3XKM | H103: 1 | I103: 2.91 | J103: 2.91
A104: Composição Auxiliar | B104: 89876 | C104: SINAPI | D104: CAMINHÃO BASCULANTE 14 M3, COM CAVALO MECÂNICO DE CAPACIDADE MÁXIMA DE TRAÇÃO COMBINADO DE 36000 KG, POTÊNCIA 286 CV, INCLUSIVE SEMIREBOQUE COM CAÇAMBA METÁLICA - CHP DIURNO. AF_12/2014 | E104: Custos Horários Produtivo e Improdutivo dos Equipamentos | G104: CHP | H104: 0.0075 | I104: 351.11 | J104: 2.63
A105: Composição Auxiliar | B105: 89877 | C105: SINAPI | D105: CAMINHÃO BASCULANTE 14 M3, COM CAVALO MECÂNICO DE CAPACIDADE MÁXIMA DE TRAÇÃO COMBINADO DE 36000 KG, POTÊNCIA 286 CV, INCLUSIVE SEMIREBOQUE COM CAÇAMBA METÁLICA - CHI DIURNO. AF_12/2014 | E105: Custos Horários Produtivo e Improdutivo dos Equipamentos | G105: CHI | H105: 0.0032 | I105: 87.53 | J105: 0.28
E106: MO sem LS => | F106: 0.2 | G106: LS => | H106: 0 | I106: MO com LS => | J106: 0.2
E107: Valor do BDI => | F107: 0.71 | H107: Valor com BDI => | J107: 3.62
A109: 1.2.3.3.3.4 | B109: Código | C109: Banco | D109: Descrição | E109: Tipo | G109: Und | H109: Quant. | I109: Valor Unit | J109: Total
A110: Composição | B110: 100577 | C110: SINAPI | D110: REGULARIZAÇÃO E COMPACTAÇÃO DE SUBLEITO DE SOLO PREDOMINANTEMENTE ARENOSO, PARA OBRAS DE CONSTRUÇÃO DE PAVIMENTOS. AF_09/2024 | E110: Aterros, Bases, Sub bases e Imprimações | G110: m² | H110: 1 | I110: 0.51 | J110: 0.51
A111: Composição Auxiliar | B111: 5932 | C111: SINAPI | D111: MOTONIVELADORA POTÊNCIA BÁSICA LÍQUIDA (PRIMEIRA MARCHA) 125 HP, PESO BRUTO 13032 KG, LARGURA DA LÂMINA DE 3,7 M - CHP DIURNO. AF_06/2014 | E111: Custos Horários Produtivo e Improdutivo dos Equipamentos | G111: CHP | H111: 0.0003025 | I111: 286.88 | J111: 0.08
A112: Composição Auxiliar | B112: 5934 | C112: SINAPI | D112: MOTONIVELADORA POTÊNCIA BÁSICA LÍQUIDA (PRIMEIRA MARCHA) 125 HP, PESO BRUTO 13032 KG, LARGURA DA LÂMINA DE 3,7 M - CHI DIURNO. AF_06/2014 | E112: Custos Horários Produtivo e Improdutivo dos Equipamentos | G112: CHI | H112: 0.0033569 | I112: 106.39 | J112: 0.35
A113: Composição Auxiliar | B113: 88316 | C113: SINAPI | D113: SERVENTE COM ENCARGOS COMPLEMENTARES | E113: Livro SINAPI: Cálculos e Parâmetros | G113: H | H113: 0.0036593 | I113: 23.48 | J113: 0.08
E114: MO sem LS => | F114: 0.13 | G114: LS => | H114: 0 | I114: MO com LS => | J114: 0.13
E115: Valor do BDI => | F115: 0.12 | H115: Valor com BDI => | J115: 0.63
...

Sheet MOB. E DESMOB COMPOS.
A2: ='[1]PANILHA NÃO DESONERADA'!$A$2 -> CONVÊNIO
A3: ='[1]PANILHA NÃO DESONERADA'!$A$3 -> PROPONENTE | C3: PREFEITURA MUNICIPAL DE PRIMAVERA
A4: ='[1]PANILHA NÃO DESONERADA'!$F$2 -> MUNICÍPIO/UF | C4: PRIMAVERA
A5: ='[1]PANILHA NÃO DESONERADA'!$A$4 -> OBJETO | C5: SERVIÇOS DE REVESTIMENTO PRIMÁRIO NAS VICINAIS
A6: ='[1]PANILHA NÃO DESONERADA'!$A$5 -> ENDEREÇO OBRA
A8: MOBILIZAÇÃO E DESMOBILIZAÇÃO
A9: COMPOSIÇÃO 02
A10: Composição Auxiliar | B10: Código | C10: Banco | D10: Descrição | E10: Tipo | G10: Und | H10: Quant. | I10: Valor Unit | J10: Total
A11: Composição Auxiliar | B11: Comp_002 | C11: Próprio | D11: MOBILIZAÇÃO EQUIPAMENTOS OBRA DE TERRAPLENAGEM | E11: PAVI - PAVIMENTAÇÃO | G11: UND | H11: 1 | I11: 3955.33 | J11: 3955.33
A12: Composição Auxiliar | B12: 5849 | C12: SINAPI | D12: TRATOR DE ESTEIRAS, POTÊNCIA 170 HP, PESO OPERACIONAL 19 T, CAÇAMBA 5,2 M3 - CHI DIURNO. AF_06/2014 | E12: Custos Horários Produtivo e Improdutivo dos Equipamentos | G12: CHI | H12: 1 | I12: 89.4 | J12: 89.4
A13: Composição Auxiliar | B13: 5942 | C13: SINAPI | D13: PÁ CARREGADEIRA SOBRE RODAS, POTÊNCIA LÍQUIDA 128 HP, CAPACIDADE DA CAÇAMBA 1,7 A 2,8 M3, PESO OPERACIONAL 11632 KG - CHI DIURNO. AF_06/2014 | E13: Custos Horários Produtivo e Improdutivo dos Equipamentos | G13: CHI | H13: 1 | I13: 86.79 | J13: 86.79
A14: Composição Auxiliar | B14: 5934 | C14: SINAPI | D14: MOTONIVELADORA POTÊNCIA BÁSICA LÍQUIDA (PRIMEIRA MARCHA) 125 HP, PESO BRUTO 13032 KG, LARGURA DA LÂMINA DE 3,7 M - CHI DIURNO. AF_06/2014 | E14: Custos Horários Produtivo e Improdutivo dos Equipamentos | G14: CHI | H14: 1 | I14: 106.39 | J14: 106.39
A15: Composição Auxiliar | B15: 93244 | C15: SINAPI | D15: ROLO COMPACTADOR VIBRATÓRIO PÉ DE CARNEIRO PARA SOLOS, POTÊNCIA 80 HP, PESO OPERACIONAL SEM/COM LASTRO 7,4 / 8,8 T, LARGURA DE TRABALHO 1,68 M - CHI DIURNO. AF_02/2016 | E15: Custos Horários Produtivo e Improdutivo dos Equipamentos | G15: CHI | H15: 1 | I15: 68.88 | J15: 68.88
A16: Composição Auxiliar | B16: 6880 | C16: SINAPI | D16: ROLO COMPACTADOR DE PNEUS ESTÁTICO, PRESSÃO VARIÁVEL, POTÊNCIA 111 HP, PESO SEM/COM LASTRO 9,5 / 26 T, LARGURA DE TRABALHO 1,90 M - CHI DIURNO. AF_07/2014 | E16: Custos Horários Produtivo e Improdutivo dos Equipamentos | G16: CHI | H16: 1 | I16: 90.09 | J16: 90.09
A17: Composição Auxiliar | B17: 5681 | C17: SINAPI | D17: RETROESCAVADEIRA SOBRE RODAS COM CARREGADEIRA, TRAÇÃO 4X2, POTÊNCIA LÍQ. 79 HP, CAÇAMBA CARREG. CAP. MÍN. 1 M3, CAÇAMBA RETRO CAP. 0,20 M3, PESO OPERACIONAL MÍN. 6.570 KG, PROFUNDIDADE ESCAVAÇÃO MÁX. 4,37 M - CHI DIURNO. AF_06/2014 | E17: Custos Horários Produtivo e Improdutivo dos Equipamentos | G17: CHI | H17: 1 | I17: 61.11 | J17: 61.11
A18: Composição Auxiliar | B18: 89876 | C18: SINAPI | D18: CAMINHÃO BASCULANTE 14 M3, COM CAVALO MECÂNICO DE CAPACIDADE MÁXIMA DE TRAÇÃO COMBINADO DE 36000 KG, POTÊNCIA 286 CV, INCLUSIVE SEMIREBOQUE COM CAÇAMBA METÁLICA - CHP DIURNO. AF_12/2014 | E18: Custos Horários Produtivo e Improdutivo dos Equipamentos | G18: CHP | H18: 1 | I18: 351.11 | J18: 351.11
A19: Insumo | B19: 5901 | C19: SINAPI | D19: CAMINHÃO PIPA 10.000 L TRUCADO, PESO BRUTO TOTAL 23.000 KG, CARGA ÚTIL MÁXIMA 15.935 KG, DISTÂNCIA ENTRE EIXOS 4,8 M, POTÊNCIA 230 CV, INCLUSIVE TANQUE DE AÇO PARA TRANSPORTE DE ÁGUA - CHP DIURNO. AF_06/2014 | E19: Custos Horários Produtivo e Improdutivo dos Equipamentos | G19: CHP | H19: 1 | I19: 341.13 | J19: 341.13
B20: 73467 | C20: SINAPI | D20: CAMINHÃO TOCO, PBT 14.300 KG, CARGA ÚTIL MÁX. 9.710 KG, DIST. ENTRE EIXOS 3,56 M, POTÊNCIA 185 CV, INCLUSIVE CARROCERIA FIXA ABERTA DE MADEIRA P/ TRANSPORTE GERAL DE CARGA SECA, DIMEN. APROX. 2,50 X 6,50 X 0,50 M - CHP DIURNO. AF_06/2014 | E20: Custos Horários Produtivo e Improdutivo dos Equipamentos | G20: CHP | H20: 1 | I20: 267.06 | J20: 267.06
B21: E9666 | C21: SICRO3 | D21: Cavalo mecânico com semirreboque com capacidade de 30 t - 265 kW | E21: Equipamento | G21: H | H21: 6 | I21: 415.5631 | J21: 2493.37
D22: MAYCON LEONAN DA SILVA MATOS ENGENHEIRO CIVIL CREA/PA: 1518018386PA | E22: MO sem LS => | F22: 175.87 | G22: LS => | H22: 0 | I22: MO com LS => | J22: 175.87
E23: Valor do BDI => | F23: 975.77 | H23: Valor com BDI => | J23: 4931.1
A97: INFORMAÇÕES COMPLEMENTARES:
A98: ONDE: CMob = REPRESENTA O CUSTO DE MOBILIZAÇÃO; DM = REPRESENTA A DISTÂNCIA DE MOBILIZAÇÃO, EM QUILÔMETROS (KM) OU EM MILHAS NÁUTICAS (MI); K = REPRESENTA O FATOR RELACIONADO À NECESSIDADE DE RETORNO DO VEÍCULO A SUA ORIGEM; FU = REPRESENTA O FATOR DE UTILIZAÇÃO DO VEÍCULO TRANSPORTADOR; V = REPRESENTA A VELOCIDADE MÉDIA DE TRANSPORTE, EM KM/H OU NÓS; CH = REPRESENTA O CUSTO HORÁRIO DO VEÍCULO TRANSPORTADOR.
A99: BIBLIORAFIA: MANUAL MANUAL DE CUSTOS DE INFRAESTRUTURA DE TRANSPORTES. VOLUME 09 - MOBILIZAÇÃO E DESMOBILIZAÇÃO. DNIT. 2017. MANUAL MANUAL DE CUSTOS DE INFRAESTRUTURA DE TRANSPORTES. VOLUME 03 - EQUIPAMENTOS. DNIT. 2017.
H133: Responsável Técnico

Sheet ENC.SOC. 
A1: PROPONENTE | B1: PREFEITURA MUNICIPAL DE PRIMAVERA
A2: OBJETO | B2: SERVIÇOS DE REVESTIMENTO PRIMÁRIO NAS VICINAIS
A3: ENDEREÇO OBRA | B3: VICINAIS DO MUNICÍPIO DE PRIMAVERA
A4: =#REF! -> #REF! | B4: =#REF! -> #REF!
A5: =#REF! -> #REF! | B5: =#REF! -> #REF!
A7: ENCARGOS SOCIAIS SOBRE A MÃO DE OBRA
A8: CÓDIGO | B8: DESCRIÇÃO | C8: COM DESONERAÇÃO | E8: SEM DESONERAÇÃO
C9: HORISTA (%) | D9: MENSALISTA (%) | E9: HORISTA (%) | F9: MENSALISTA (%)
A10: GRUPO A
A11: A1 | B11: INSS | C11: 0 | D11: 0 | E11: 0.2 | F11: 0.2
A12: A2 | B12: SESI | C12: 0.015 | D12: 0.015 | E12: 0.015 | F12: 0.015
A13: A3 | B13: SENAI | C13: 0.01 | D13: 0.01 | E13: 0.01 | F13: 0.01
A14: A4 | B14: INCRA | C14: 0.002 | D14: 0.002 | E14: 0.002 | F14: 0.002
A15: A5 | B15: SEBRAE | C15: 0.006 | D15: 0.006 | E15: 0.006 | F15: 0.006
A16: A6 | B16: Salário Educação | C16: 0.025 | D16: 0.025 | E16: 0.025 | F16: 0.025
A17: A7 | B17: Seguro Contra Acidentes de Trabalho | C17: 0.03 | D17: 0.03 | E17: 0.03 | F17: 0.03
A18: A8 | B18: FGTS | C18: 0.08 | D18: 0.08 | E18: 0.08 | F18: 0.08
A19: A9 | B19: SECONCI | C19: 0 | D19: 0 | E19: 0 | F19: 0
A20: A | B20: Total | C20: =SUM(C11:C19) -> 0.168 | D20: =SUM(D11:D19) -> 0.168 | E20: =SUM(E11:E19) -> 0.368 | F20: =SUM(F11:F19) -> 0.368
A21: GRUPO B
A22: B1 | B22: Repouso Semanal Remunerado | C22: 0.1814 | D22: Não incide | E22: 0.1814 | F22: Não incide
A23: B2 | B23: Feriados | C23: 0.0416 | D23: Não incide | E23: 0.0416 | F23: Não incide
A24: B3 | B24: Auxílio - Enfermidade | C24: 0.0093 | D24: 0.007 | E24: 0.0093 | F24: 0.007
A25: B4 | B25: 13º Salário | C25: 0.111 | D25: 0.0833 | E25: 0.111 | F25: 0.0833
A26: B5 | B26: Licença Paternidade | C26: 0.0007 | D26: 0.0005 | E26: 0.0007 | F26: 0.0005
A27: B6 | B27: Faltas Justificadas | C27: 0.0074 | D27: 0.0056 | E27: 0.0074 | F27: 0.0056
A28: B7 | B28: Dias de Chuvas | C28: 0.0283 | D28: Não incide | E28: 0.0283 | F28: Não incide
A29: B8 | B29: Auxílio Acidente de Trabalho | C29: 0.0011 | D29: 0.0008 | E29: 0.0011 | F29: 0.0008
A30: B9 | B30: Férias Gozadas | C30: 0.1086 | D30: 0.0815 | E30: 0.1086 | F30: 0.0815
A31: B10 | B31: Salário Maternidade | C31: 0.0003 | D31: 0.0002 | E31: 0.0003 | F31: 0.0002
A32: B | B32: Total | C32: =SUM(C22:C31) -> 0.4897 | D32: =SUM(D22:D31) -> 0.1789 | E32: =SUM(E22:E31) -> 0.4897 | F32: =SUM(F22:F31) -> 0.1789
A33: GRUPO C
A34: C1 | B34: Aviso Prévio Indenizado | C34: 0.0714 | D34: 0.0536 | E34: 0.0714 | F34: 0.0536
A35: C2 | B35: Aviso Prévio Trabalhado | C35: 0.0017 | D35: 0.0013 | E35: 0.0017 | F35: 0.0013
A36: C3 | B36: Férias Indenizadas | C36: 0.032 | D36: 0.0241 | E36: 0.032 | F36: 0.0241
A37: C4 | B37: Depósito Rescisão Sem Justa Causa | C37: 0.0531 | D37: 0.0399 | E37: 0.0531 | F37: 0.0399
A38: C5 | B38: Indenização Adicional | C38: 0.006 | D38: 0.0045 | E38: 0.006 | F38: 0.0045
A39: C | B39: Total | C39: =SUM(C34:C38) -> 0.1642 | D39: =SUM(D34:D38) -> 0.1234 | E39: =SUM(E34:E38) -> 0.1642 | F39: =SUM(F34:F38) -> 0.1234
A40: GRUPO D
A41: D1 | B41: Reincidência de Grupo A sobre Grupo B | C41: 0.0823 | D41: 0.0301 | E41: 0.1802 | F41: 0.0658
A42: D2 | B42: Reincidência de Grupo A sobre Aviso Prévio Trabalhado e Reincidência do FGTS sobre Aviso Prévio Indenizado | C42: 0.006 | D42: 0.0045 | E42: 0.0063 | F42: 0.0048
A43: D | B43: Total | C43: =SUM(C41:C42) -> 0.0883 | D43: =SUM(D41:D42) -> 0.0346 | E43: =SUM(E41:E42) -> 0.1865 | F43: =SUM(F41:F42) -> 0.0706
A44: TOTAL (A+B+C+D) | C44: =C20+C32+C39+C43 -> 0.9102 | D44: =D20+D32+D39+D43 -> 0.5049 | E44: =E20+E32+E39+E43 -> 1.2084 | F44: =F20+F32+F39+F43 -> 0.7409
A56: MAYCON LEONAN DA SILVA MATOS ENGENHEIRO CIVIL CREA/PA: 1518018386PA

Sheet 3A.MOB NÃO DESONERADA
A1: =#REF! -> #REF!
A2: =#REF! -> #REF! | C2: =#REF! -> #REF!
A3: =#REF! -> #REF! | C3: =#REF! -> #REF!
A4: =#REF! -> #REF! | C4: =#REF! -> #REF!
A5: =#REF! -> #REF! | C5: VICINAIS: RIBEIRA; TREVO GLEBA 5 PARA NOVO HORIZONTE; TREVO DA SÃO VICENTE PARA O TREVO DA CAIXA DÁGUA DA 10; TREVO DA GLEBA 10 PARA GLEBA 8; TREVO GLEBA 8 PARA GLEBA 10; VICINAL ÁGUA BOA PARA TREVO DA GLEBA 11; VICINAL GLEBA 11; ESTRADA ENALCO; VICINAL MUTUM; TREVO DA SÃO VICENTE PARA COMUNIDADE MINAS PARA.
A7: 3A- MOBILIZAÇÃO E DESMOBILIZAÇÃO - SEM DESONERAÇÃO
A8: COMPOSIÇÃO 01
A9: EQUIPAMENTOS TRANSPORTADOS | D9: EQUIPAMENTOS TRANSPORTADORES | G9: ORIGEM | H9: DESTINO | I9: K (Nº VIAGENS) | J9: DIST. | K9: VELOC. (KM/H) | L9: QUANT. EQUIP. | M9: FU | N9: PREÇO UNIT. | O9: PREÇO TOTAL
A10: FONTE | B10: CÓDIGO | C10: DESCRIÇÃO | D10: FONTE | E10: CÓDIGO | F10: DESCRIÇÃO
A11: SICRO | B11: E010 | C11: Carregadeira de Pneus : Caterpillar : 950H - 3,3 m3 | D11: SINAPI | E11: 89876 | F11: Cavalo mecânico com semi-reboque com capacidade de 30 t - 240 Kw | G11: Castanhal | H11: Igarapé Açú | I11: 1 | J11: 44.2 | K11: 60 | L11: 1 | M11: 0.5 | N11: 199.78 | O11: =ROUND((I11*J11*L11*M11/K11)*N11,2) -> 73.59
A12: SINAPI | B12: 89032 | C12: TRATOR DE ESTEIRAS, POTÊNCIA 100 HP, PESO OPERACIONAL 9,4 T, COM LÂMINA 2,19 M3 - CHP DIURNO. AF_06/2014 (CHP) | D12: SINAPI | E12: 89876 | F12: Cavalo mecânico com semi-reboque com capacidade de 30 t - 240 Kw | G12: Castanhal | H12: Igarapé Açú | I12: 1 | J12: 44.2 | K12: 60 | L12: 1 | M12: 0.5 | N12: 199.78 | O12: =ROUND((I12*J12*L12*M12/K12)*N12,2) -> 73.59
A13: SINAPI | B13: 5932 | C13: MOTONIVELADORA POTÊNCIA BÁSICA LÍQUIDA (PRIMEIRA MARCHA) 125 HP, PESO BRUTO 13032 KG, LARGURA DA LÂMINA DE 3,7 M - CHP DIURNO. AF_06/2014 (CHP) | D13: SINAPI | E13: 89876 | F13: Cavalo mecânico com semi-reboque com capacidade de 30 t - 240 Kw | G13: Castanhal | H13: Igarapé Açú | I13: 1 | J13: 44.2 | K13: 60 | L13: 2 | M13: 1 | N13: 199.78 | O13: =ROUND((I13*J13*L13*M13/K13)*N13,2) -> 294.34
A14: SINAPI | B14: 6879 | C14: ROLO COMPACTADOR DE PNEUS ESTÁTICO, PRESSÃO VARIÁVEL, POTÊNCIA 111 HP, PESO SEM/COM LASTRO 9,5 / 26 T, LARGURA DE TRABALHO 1,90 M - CHP DIURNO. AF_07/2014 (CHP) | D14: SINAPI | E14: 89876 | F14: Cavalo mecânico com semi-reboque com capacidade de 30 t - 240 Kw | G14: Castanhal | H14: Igarapé Açú | I14: 1 | J14: 44.2 | K14: 60 | L14: 1 | M14: 1 | N14: 199.78 | O14: =ROUND((I14*J14*L14*M14/K14)*N14,2) -> 147.17
A15: SINAPI | B15: 73436 | C15: ROLO COMPACTADOR VIBRATÓRIO PÉ DE CARNEIRO PARA SOLOS, POTÊNCIA 80 HP, PESO OPERACIONAL SEM/COM LASTRO 7,4 / 8,8 T, LARGURA DE TRABALHO 1,68 M - CHP DIURNO. AF_02/2016 (CHP) | D15: SINAPI | E15: 89876 | F15: Cavalo mecânico com semi-reboque com capacidade de 30 t - 240 Kw | G15: Castanhal | H15: Igarapé Açú | I15: 1 | J15: 44.2 | K15: 60 | L15: 2 | M15: 0.5 | N15: 199.78 | O15: =ROUND((I15*J15*L15*M15/K15)*N15,2) -> 147.17
A16: SICRO | B16: E007 | C16: Trator Agrícola : Massey Ferguson : MF 4291/4 449A | D16: SINAPI | E16: 89876 | F16: Cavalo mecânico com semi-reboque com capacidade de 30 t - 240 Kw | G16: Castanhal | H16: Igarapé Açú | I16: 1 | J16: 44.2 | K16: 60 | L16: 2 | M16: 0.5 | N16: 199.78 | O16: =ROUND((I16*J16*L16*M16/K16)*N16,2) -> 147.17
A17: SINAPI | B17: 5680 | C17: RETROESCAVADEIRA SOBRE RODAS COM CARREGADEIRA, TRAÇÃO 4X2, POTÊNCIA LÍQ. 79 HP, CAÇAMBA CARREG. CAP. MÍN. 1 M3, CAÇAMBA RETRO CAP. 0,20 M3, PESO OPERACIONAL MÍN. 6.570 KG, PROFUNDIDADE ESCAVAÇÃO MÁX. 4,37 M - CHP DIURNO. AF_06/2014 (CHP) | D17: SINAPI | E17: 89876 | F17: Cavalo mecânico com semi-reboque com capacidade de 30 t - 240 Kw | G17: Castanhal | H17: Igarapé Açú | I17: 1 | J17: 44.2 | K17: 60 | L17: 1 | M17: 0.5 | N17: 199.78 | O17: =ROUND((I17*J17*L17*M17/K17)*N17,2) -> 73.59
A18: SINAPI | B18: 89876 | C18: CAMINHÃO BASCULANTE 14 M3, COM CAVALO MECÂNICO DE CAPACIDADE MÁXIMA DE TRAÇÃO COMBINADO DE 36000 KG, POTÊNCIA 286 CV, INCLUSIVE SEMIREBOQUE COM CAÇAMBA METÁLICA - CHP DIURNO. AF_12/2014 (CHP) | D18: SINAPI | E18: - | F18: Condução por conta própria | G18: Castanhal | H18: Igarapé Açú | I18: 1 | J18: 44.2 | K18: 60 | L18: 3 | M18: 1 | N18: 199.78 | O18: =ROUND((I18*J18*L18*M18/K18)*N18,2) -> 441.51
A19: SINAPI | B19: 5901 | C19: CAMINHÃO PIPA 10.000 L TRUCADO, PESO BRUTO TOTAL 23.000 KG, CARGA ÚTIL MÁXIMA 15.935 KG, DISTÂNCIA ENTRE EIXOS 4,8 M, POTÊNCIA 230 CV, INCLUSIVE TANQUE DE AÇO PARA TRANSPORTE DE ÁGUA - CHP DIURNO. AF_06/2014 (CHP) | D19: SINAPI | E19: - | F19: Condução por conta própria | G19: Castanhal | H19: Igarapé Açú | I19: 1 | J19: 44.2 | K19: 60 | L19: 1 | M19: 1 | N19: 184.79 | O19: =ROUND((I19*J19*L19*M19/K19)*N19,2) -> 136.13
A20: SINAPI | B20: 5689 | C20: GRADE DE DISCO CONTROLE REMOTO REBOCÁVEL, COM 24 DISCOS 24 X 6 MM COM PNEUS PARA TRANSPORTE - CHP DIURNO. AF_06/2014 (CHP) | D20: SINAPI | E20: - | F20: Condução por conta própria | G20: Castanhal | H20: Igarapé Açú | I20: 1 | J20: 44.2 | K20: 60 | L20: 1 | M20: 1 | N20: 3.59 | O20: =ROUND((I20*J20*L20*M20/K20)*N20,2) -> 2.64
A21: SINAPI | B21: 73467 | C21: CAMINHÃO TOCO, PBT 14.300 KG, CARGA ÚTIL MÁX. 9.710 KG, DIST. ENTRE EIXOS 3,56 M, POTÊNCIA 185 CV, INCLUSIVE CARROCERIA FIXA ABERTA DE MADEIRA P/ TRANSPORTE GERAL DE CARGA SECA, DIMEN. APROX. 2,50 X 6,50 X 0,50 M - CHP DIURNO. AF_06/2014 (CHP) | D21: SINAPI | E21: - | F21: Condução por conta própria | G21: Castanhal | H21: Igarapé Açú | I21: 1 | J21: 44.2 | K21: 60 | L21: 1 | M21: 1 | N21: 104.51 | O21: =ROUND((I21*J21*L21*M21/K21)*N21,2) -> 76.99
A22: TOTAL | O22: =ROUND(SUM(O11:O21),2) -> 1613.89
A24: INFORMAÇÕES COMPLEMENTARES:
A25: ONDE: CMob = REPRESENTA O CUSTO DE MOBILIZAÇÃO; DM = REPRESENTA A DISTÂNCIA DE MOBILIZAÇÃO, EM QUILÔMETROS (KM) OU EM MILHAS NÁUTICAS (MI); K = REPRESENTA O FATOR RELACIONADO À NECESSIDADE DE RETORNO DO VEÍCULO A SUA ORIGEM; FU = REPRESENTA O FATOR DE UTILIZAÇÃO DO VEÍCULO TRANSPORTADOR; V = REPRESENTA A VELOCIDADE MÉDIA DE TRANSPORTE, EM KM/H OU NÓS; CH = REPRESENTA O CUSTO HORÁRIO DO VEÍCULO TRANSPORTADOR.
A26: BIBLIORAFIA: MANUAL MANUAL DE CUSTOS DE INFRAESTRUTURA DE TRANSPORTES. VOLUME 09 - MOBILIZAÇÃO E DESMOBILIZAÇÃO. DNIT. 2017. MANUAL MANUAL DE CUSTOS DE INFRAESTRUTURA DE TRANSPORTES. VOLUME 03 - EQUIPAMENTOS. DNIT. 2017.
B68: Responsável Técnico
